 Dungeon Crawl Stone Soup version 0.31.0-11-ge490571c62 (webtiles) character file.

Game seed: 12524219977071113228

14967161 olmar the Conqueror (level 27, 179/179 HPs)
             Began as a Gargoyle Fighter on Jan 29, 2024.
             Was an Initiate of Gozag.
             Escaped with the Orb
             ... and 15 runes on Jan 30, 2024!
             The game lasted 04:08:54 (105239 turns).

olmar the Conqueror (Gargoyle Fighter)            Turns: 105239, Time: 04:08:55

Health: 179/179    AC: 57    Str: 42    XL:     27
Magic:  23/23      EV: 22    Int: 12    God:    Gozag
Gold:   7142       SH: 32    Dex: 12    Spells: 26/26 levels left

rFire   + + +        L - +13 sceptre of Asmodeus
rCold   + . .        Z - +8 tower shield {reflect}
rNeg    + + +        h - +4 pearl dragon scales
rPois   ∞            D - +2 helmet of the Armadillo {*Slow Fly rF+++ Will-}
rElec   +            p - scarf "Pirris" {+Inv, rC+ rN+ rCorr Str+5}
rCorr   +            o - +0 pair of fencer's gloves {Riposte Dex+3}
SInv    +            a - +2 pair of boots {rampage}
Will    +++..        y - amulet of Vitality {RegenMP++ Regen++}
Stlth   +++          K - ring "Sitzalar" {^Drain rN+ Will++ Str+6}
HPRegen 2.09/turn    F - ring of see invisible
MPRegen 0.98/turn

%: slow self (1%), reflection, rampage
@: flying, studying 2 skills
A: sickness immunity, AC +20, big wings, negative energy resistance 1,
electricity resistance, torment resistance 1, petrification resistance, talons
1, deterioration 2, frail 1, screaming 1, evolution 1, noise suppression
0: Orb of Zot
}: 15/15 runes: serpentine, barnacled, slimy, silver, golden, iron, obsidian,
icy, bone, abyssal, demonic, glowing, magical, fiery, dark
a: Renounce Religion, Evoke Invisibility, Potion Petition, Call Merchant, Bribe
Branch


You escaped.
You worshipped Gozag.
Gozag was greatly pleased with you.
You visited 17 branches of the dungeon, and saw 87 of its levels.
You visited Pandemonium 1 time, and saw 15 of its levels.
You visited the Abyss 4 times.
You also visited: Trove, Bailey and Wizlab.

You collected 55727 gold pieces.
You spent 9729 gold pieces at shops.
You paid 38856 gold pieces to Gozag.

Inventory:

Hand Weapons
 L - the +13 sceptre of Asmodeus (weapon)
   (You took it off Asmodeus on level 7 of Gehenna)

   Fire Summon: It may summon demons of flame and damnation when striking foes.
Missiles
 j - 8 throwing nets
 V - 16 silver javelins
Armour
 a - a +2 pair of boots of rampaging (worn)
 h - +4 pearl dragon scales (worn)
 l - a +2 helmet of see invisible
 o - the +0 pair of fencer's gloves (worn) {Riposte Dex+3}
   (You found it on level 2 of the Depths)

   Riposte:   It allows the wearer to riposte with melee weapons, swiftly
   retaliating against missed or blocked melee attacks.
   Dex+3:     It affects your dexterity (+3).
 p - the scarf "Pirris" (worn) {+Inv, rC+ rN+ rCorr Str+5}
   (You bought it in a shop on level 12 of the Dungeon)

   Str+5:     It affects your strength (+5).
   rC+:       It protects you from cold.
   rN+:       It protects you from negative energy.
   rCorr:     It protects you from acid and corrosion.
 D - the +2 helmet of the Armadillo (worn) {*Slow Fly rF+++ Will-}
   (You found it on level 7 of Tartarus)

   rF+++:     It renders you almost immune to fire.
   Will-:     It decreases your willpower.
   Fly:       It grants you flight.
   *Slow:     It may slow you when you take damage.
 Z - a +8 tower shield of reflection (worn)
Jewellery
 c - a ring of protection from cold
 y - the amulet of Vitality (around neck) {RegenMP++ Regen++}
   (You bought it in a shop on level 13 of the Dungeon)

   [amulet of magic regeneration]

   RegenMP:   It increases your rate of magic regeneration.
   Regen++:   It increases your rate of health regeneration.
 z - a ring of protection from fire
 F - a ring of see invisible (right hand)
 G - the ring of Dimeff {rC+ rN+ Dex+2}
   (You found it on level 7 of Gehenna)

   [ring of protection from cold]

   Dex+2:     It affects your dexterity (+2).
   rC+:       It protects you from cold.
   rN+:       It protects you from negative energy.
 K - the ring "Sitzalar" (left hand) {^Drain rN+ Will++ Str+6}
   (You acquired it on level 4 of the Vaults)

   [ring of strength]

   Str+6:     It affects your strength (+6).
   rN+:       It protects you from negative energy.
   Will++:    It greatly increases your willpower.
   ^Drain:    It drains your maximum health when unequipped.
Wands
 b - a wand of flame (137)
 g - a wand of digging (20)
 t - a wand of paralysis (51)
 v - a wand of iceblast (70) (quivered)
 x - a wand of polymorph (32)
 C - a wand of acid (42)
 X - a wand of mindburst (64)
Scrolls
 e - 11 scrolls of fear
 k - 10 scrolls of poison
 m - 5 scrolls of revelation
 s - 4 scrolls of teleportation
 w - 3 scrolls of fog
 H - a scroll of immolation
 J - 6 scrolls of summoning
 M - 4 scrolls of blinking
 T - 6 scrolls of silence
 Y - 7 scrolls of amnesia
Potions
 d - 5 potions of ambrosia
 f - a potion of berserk rage
 n - 4 potions of brilliance
 q - 9 potions of mutation
 u - 10 potions of lignification
 B - 19 potions of curing
 N - 6 potions of heal wounds
 P - 5 potions of enlightenment
 Q - 2 potions of resistance
 S - a potion of invisibility
 U - 9 potions of attraction
 W - 13 potions of cancellation
Miscellaneous
 i - the horn of Geryon
 r - a figurine of a ziggurat
 A - a phantom mirror
 E - a sack of spiders
 R - a phial of floods


   Skills:
 O Level 27 Fighting
 O Level 27 Maces & Flails
 O Level 27 Armour
 O Level 27 Dodging
 O Level 27 Stealth
 O Level 27 Shields
 - Level 0.1 Unarmed Combat
 + Level 26.4 Evocations


You had 26 spell levels left.
You didn't know any spells.
Your spell library contained the following spells:

 Spells                   Type           Power      Damage    Failure   Level
 Apportation              Tloc           0%         N/A       41%         1
 Foxfire                  Conj/Fire      0%         2x1d4     41%         1
 Freeze                   Ice            0%         1d3       41%         1
 Kiss of Death            Conj/Necr      0%         2d5       41%         1
 Magic Dart               Conj           0%         1d3       41%         1
 Necrotise                Necr           0%         1d4       41%         1
 Sandblast                Erth           0%         2d4       41%         1
 Shock                    Conj/Air       0%         1d3       41%         1
 Sting                    Conj/Alch      0%         1d3       41%         1
 Summon Small Mammal      Summ           0%         N/A       41%         1
 Blink                    Tloc           0%         N/A       54%         2
 Call Imp                 Summ           0%         N/A       54%         2
 Ensorcelled Hibernation  Hex/Ice        0%         N/A       54%         2
 Jinxbite                 Hex            0%         N/A       54%         2
 Lesser Beckoning         Tloc           0%         N/A       54%         2
 Mercury Vapours          Alch/Air       0%         N/A       54%         2
 Momentum Strike          Conj/Tloc      0%         3d8       54%         2
 Scorch                   Fire           0%         2d5       54%         2
 Static Discharge         Conj/Air       0%         3-3/arc   54%         2
 Call Canine Familiar     Summ           0%         N/A       78%         3
 Confusing Touch          Hex            0%         N/A       78%         3
 Frozen Ramparts          Ice            0%         1d1       78%         3
 Hailstorm                Conj/Ice       0%         3d5       78%         3
 Inner Flame              Hex/Fire       0%         N/A       78%         3
 Mephitic Cloud           Conj/Alch/Air  0%         N/A       78%         3
 Ozocubu's Armour         Ice            0%         N/A       78%         3
 Passwall                 Erth           0%         N/A       78%         3
 Sigil of Binding         Hex            0%         N/A       78%         3
 Stone Arrow              Conj/Erth      0%         3d7       78%         3
 Summon Ice Beast         Ice/Summ       0%         N/A       78%         3
 Swiftness                Air            0%         N/A       78%         3
 Tukima's Dance           Hex            0%         N/A       78%         3
 Vampiric Draining        Necr           0%         2d6       78%         3
 Volatile Blastmotes      Fire/Tloc      0%         2d10      78%         3
 Airstrike                Air            0%         2d(0-16)  99%         4
 Anguish                  Hex/Necr       0%         N/A       99%         4
 Animate Armour           Summ/Erth      0%         N/A       99%         4
 Brom's Barrelling Bould  Conj/Erth      0%         2d3       99%         4
 Cause Fear               Hex            0%         N/A       99%         4
 Dimensional Bullseye     Hex/Tloc       0%         N/A       99%         4
 Dispel Undead            Necr           0%         3d6       99%         4
 Flame Wave               Conj/Fire      0%         2d4       99%         4
 Ignite Poison            Fire/Alch      0%         N/A       99%         4
 Leda's Liquefaction      Alch/Erth      0%         N/A       99%         4
 Martyr's Knell           Necr/Summ      0%         N/A       99%         4
 Olgreb's Toxic Radiance  Alch           0%         N/A       99%         4
 Petrify                  Alch/Erth      0%         N/A       99%         4
 Sticky Flame             Fire/Alch      0%         2d4       99%         4
 Summon Blazeheart Golem  Fire/Summ      0%         N/A       99%         4
 Summon Lightning Spire   Summ/Air       0%         N/A       99%         4
 Vhi's Electric Charge    Tloc/Air       0%         N/A       99%         4
 Alistair's Intoxication  Alch           0%         N/A       100%        5
 Arcjolt                  Conj/Air       0%         1d10      100%        5
 Borgnjor's Vile Clutch   Necr/Erth      0%         N/A       100%        5
 Curse of Agony           Necr           0%         N/A       100%        5
 Fireball                 Conj/Fire      0%         3d3       100%        5
 Freezing Cloud           Conj/Ice/Air   0%         6-21      100%        5
 Irradiate                Conj/Alch      0%         3d11      100%        5
 Iskenderun's Battlesphe  Conj           0%         2d6       100%        5
 Lee's Rapid Deconstruct  Erth           0%         3d4*      100%        5
 Metabolic Englaciation   Hex/Ice        0%         N/A       100%        5
 Silence                  Hex/Air        0%         N/A       100%        5
 Summon Forest            Summ/Tloc      0%         N/A       100%        5
 Summon Mana Viper        Hex/Summ       0%         N/A       100%        5
 Yara's Violent Unravell  Hex/Alch       0%         3d3       100%        5
 Bombard                  Conj/Erth      0%         9d1       100%        6
 Conjure Ball Lightning   Conj/Air       0%         3x3d6     100%        6
 Death Channel            Necr           0%         N/A       100%        6
 Eringya's Noxious Bog    Alch           0%         4d6       100%        6
 Plasma Beam              Fire/Air       0%         2x1d10    100%        6
 Sculpt Simulacrum        Ice/Alch       0%         N/A       100%        6
 Starburst                Conj/Fire      0%         6d3       100%        6
 Summon Cactus Giant      Summ           0%         N/A       100%        6
 Enfeeble                 Hex            0%         N/A       100%        7
 Haunt                    Necr/Summ      0%         N/A       100%        7
 Malign Gateway           Summ/Tloc      0%         N/A       100%        7
 Monstrous Menagerie      Summ           0%         N/A       100%        7
 Ozocubu's Refrigeration  Ice            0%         4d7       100%        7
 Spellforged Servitor     Conj/Summ      0%         N/A       100%        7
 Summon Hydra             Summ           0%         N/A       100%        7
 Borgnjor's Revivificati  Necr           0%         N/A       100%        8
 Discord                  Hex            0%         N/A       100%        8
 Ignition                 Fire           0%         3d3       100%        8
 Infestation              Necr           0%         N/A       100%        8
 Lehudib's Crystal Spear  Conj/Erth      0%         10d2      100%        8
 Maxwell's Capacitive Co  Air            0%         ∞         100%        8
 Summon Horrible Things   Summ           0%         N/A       100%        8
 Chain Lightning          Conj/Air       0%         N/A       100%        9
 Death's Door             Necr           0%         N/A       100%        9
 Dragon's Call            Summ           0%         N/A       100%        9
 Fire Storm               Conj/Fire      0%         5d1       100%        9
 Polar Vortex             Ice            0%         N/A       100%        9
 Shatter                  Erth           0%         3d5*      100%        9
 Cigotuvi's Dreadful Rot  Necr/Alch/Air  Unusable   N/A       N/A         2
 Sublimation of Blood     Necr           Unusable   N/A       N/A         2
 Animate Dead             Necr           Unusable   N/A       N/A         4

Dungeon Overview and Level Annotations

Branches:
Dungeon (15/15)            Temple (0/1) D:6            Lair (5/5) D:8
 Shoals (4/4) Lair:3        Snake (4/4) Lair:2        Slime (5/5) Lair:4
    Orc (2/2) D:11            Elf (3/3) Orc:2        Vaults (5/5) D:13
  Crypt (3/3) Vaults:2       Tomb (3/3) Crypt:3      Depths (4/4) D:15
   Hell (visited)             Dis (7/7) Hell            Geh (7/7) Hell
    Coc (7/7) Hell            Tar (7/7) Hell            Zot (5/5) Depths:4
 Bailey (visited)          WizLab (visited)

Altars:
Ashenzari
Cheibriados
Dithmenos
Fedhas
Gozag
Hepliaklqana
Kikubaaqudgha
Makhleb
Okawaru
Qazlal
Sif Muna
Trog
Uskayaw
Wu Jian
Xom
Yredelemnul
Zin
Jiyva

Shops:
D:1 *   D:8 [   D:12 [   D:13 =   Orc:2 *([   Lair:1 [   Lair:2 =[   Lair:4 (*
Shoals:3 ?   Shoals:4 [?=   Vaults:1 (   Vaults:2 (   Vaults:4 *[   Vaults:5 ?
Hell *[   Zot:1 ((   Zot:4 [   Depths:2 *   Depths:3 **[(

Portals:
Hell: Depths:1 Depths:2 Depths:3 Depths:4
Abyss: Depths:2 Depths:3
Pandemonium: Depths:2
Ziggurat: Depths:3

Annotations:
D:6 1 runed translucent door, dialectric's ghost, novice OpBr
D:15 exclusion: orange crystal statue
Lair:2 1 runed translucent door, Reubyar's ghost, journeyman MiBe
Snake:3 1 runed translucent door, Yore's ghost, adept GrFi
Orc:1 3 runed translucent doors, Esekla's ghost, journeyman NaWn
Zot:1 1 transporter
Zot:5 1 transporter, browni3141's ghost, adept MiFi


Innate Abilities, Weirdness & Mutations

You are immune to sickness and miasma.
Your stone body is resilient. (AC +20)
You are immune to poison.
Your large and strong wings let you fly.
You resist negative energy. (rN+)
You are resistant to electric shocks. (rElec)
You are resistant to unholy torment.
You are immune to petrification.
You have sharp toenails.
Your body often deteriorates upon taking damage.
You are frail. (-10% HP)
You occasionally shout uncontrollably at your foes.
You have hidden genetic potential.
You passively dampen the noise of your surroundings.


Message History

Okay, then.
Unknown command.
You yell at the Orb Guardian!
An Orb Guardian comes into view.
You block the Orb Guardian's attack.
The Orb Guardian attacks as it pursues you!
You block the Orb Guardian's attack.
The Orb Guardian attacks as it pursues you!
You block the Orb Guardian's attack.
You riposte.
You stick the Orb Guardian like a pincushion!!!
The Orb Guardian is heavily wounded.
You block the Orb Guardian's attack.
You riposte.
You puncture the Orb Guardian!
The Orb Guardian is severely wounded.
The Orb Guardian attacks as it pursues you!
You block the Orb Guardian's attack.
You riposte.
You spit the Orb Guardian like a pig!!!!
You kill the Orb Guardian!
Unknown command.
Unknown command.
Aiming: Dig
Press: ? - help, Shift-Dir - straight line You can't see that place. [a rock wall.]
The rock shatters into small pieces.
Unknown command.
You see here 4 stones.
Aiming: Dig
Press: ? - help, Shift-Dir - straight line A rock wall.
This square is covered in magical glow.
The rock shatters into small pieces.
Unknown command.
A smoke demon comes into view.
The smoke demon gestures at you. The pyre arrow misses you.
There is a staircase leading out of the dungeon here.
Unknown command.
You can't go down here!
You have escaped!

#.......# ########## ###.#####.#
#.)....... #.....# #.# #.........
#...#.# #.# #......... ..)##.#
#.##############......... ...##.#
###...........##.........
...##.###...##.######............
...##.##..####.#8######..#####...
...##.#..###....@..[.###..## #.##
...##...##.............##..###.##
.....(.##...3...........##....>##
......##.................#####.##
...#.###...§...###.......#####'##
.....##..§§.#### ###.§.§..##.....
#######..§§## ##.§§§§##.....
#§.§## ##§.§§##..... #######§§§#
#§§§.##.....


You could see a smoke demon.

Vanquished Creatures
  Cerebov (Pan)
  Antaeus (Coc:7)
  Dissolution (Slime:1)
  the Royal Jelly (Slime:5)
  Ereshkigal (Tar:7)
  Ignacio (Pan)
  Mnoleg (Pan)
  Gloorx Vloq (Pan)
  A seraph (Pan)
  the Serpent of Hell (Geh:7)
  Dispater (Dis:7)
  7 ancient liches
  3 orbs of fire (Zot:5)
  7 dread liches
  A juggernaut (Dis:4)
  22 royal mummies
  Sojobo (Vaults:3)
  Josephina (Zot:3)
  Boris (5 times) (Elf:3 Depths:4 Vaults:1 Vaults:4 Tomb:2)
  Vv (Zot:1)
  4 Killer Klowns (Zot:5)
  Vashnia (Snake:4)
  6 pandemonium lords (Pan)
  14 shard shrikes
  2 curse toes
  Geryon (Hell)
  Nikola (Shoals:1)
  28 caustic shrikes
  14 golden dragons
  34 bone dragons
  8 profane servitors
  2 pearl dragons (Pan)
  7 iron giants
  14 Brimstone Fiends
  2 electric golems (Zot:5)
  15 Tzitzimimeh
  22 hellephants
  23 tentacled monstrosities
  23 doom hounds
  Jorgrun (D:13)
  Mlioglotl (Shoals:1)
  12 Ice Fiends
  19 tainted leviathans
  23 Hell Sentinels
  13 liches
  18 Orb Guardians
  2 deep elf blademasters
  10 titans
  13 sphinxes
  18 acid blobs
  18 Executioners
  24 searing wretches
  5 deep elf master archers
  8 death cobs
  23 ancient champions
  14 quicksilver dragons
  Polyphemus (Shoals:2)
  12 storm dragons
  An eldritch tentacle (Pan)
  3 krakens (Shoals:4)
  8 tentacled starspawn
  8 tengu reavers
  A thorn hunter (WizLab)
  Aizul (Shoals:4)
  9 shadow dragons
  3 revenants
  19 azure jellies
  9 draconian monks
  13 protean progenitors
  Ilsuiw (Shoals:4)
  21 rockslimes
  3 nagarajas
  16 daevas
  5 fenstrider witches
  11 demonspawn warmongers (Pan)
  7 narguns
  3 draconian knights
  8 deep elf sorcerers
  15 quicksilver elementals
  A spectral juggernaut (Tar:1)
  36 balrugs
  An emperor scorpion (Abyss:3)
  11 shard shrike simulacra
  12 frost giants
  A ghoul (Crypt:3)
  27 fire giants
  16 iron dragons
  18 vault wardens
  A caustic shrike zombie (Depths:2)
  2 draconian scorchers
  6 draconian shifters
  19 angels
  3 ghost moths
  4 demonspawn corrupters (Pan)
  6 deep elf elementalists
  5 curse skulls
  5 spectral caustic shrikes
  9 cacodemons (Pan)
  A draconian stormcaller (Zot:5)
  19 reapers
  3 formless jellyfish
  21 quicksilver oozes
  2 juggernaut skeletons
  26 very ugly things
  5 demonspawn blood saints (Pan)
  30 ironbound preservers
  5 orc warlords
  A spriggan defender (Depths:1)
  13 ophanim (Pan)
  10 ironbound thunderhulks
  3 deep elf death magi
  A rockslime zombie (Crypt:2)
  19 apis (Pan)
  8 draconian annihilators
  5 deep elf demonologists
  13 stone giants
  16 putrid mouths
  2 caustic shrike skeletons
  25 elemental wellsprings
  10 green draconians
  2 eleionomae (WizLab)
  9 deep elf annihilators (Elf:3)
  Nessos (D:13)
  8 bennus (Tomb:1)
  7 vampire knights
  7 spark wasps
  11 lorocyprocas
  5 demonspawn black suns (Pan)
  11 red draconians
  5 black draconians
  A spark wasp (shapeshifter) (Vaults:4)
  24 war gargoyles
  13 dire elephants
  11 white draconians
  4 yellow draconians
  A bunyip (Abyss:3)
  11 purple draconians
  12 wendigos
  Azrael (Snake:2)
  4 blizzard demons (Pan)
  12 ettins
  5 merfolk javelineers
  2 green deaths (Pan)
  25 eidola
  6 spectral quicksilver dragons
  3 crystal guardians
  12 mummy priests
  3 spectral iron giants
  4 merfolk impalers (Shoals:4)
  3 shambling mangroves (WizLab)
  An entropy weaver (shapeshifter) (Abyss:3)
  17 iron golems
  6 fire dragons
  7 deep elf high priests
  3 spectral spriggans
  10 jiangshi
  22 yaktaur captains
  18 ice dragons
  A spectral fenstrider witch (Tar:2)
  6 rakshasas
  12 great orbs of eyes
  2 hell beasts
  3 peacekeepers
  40 vault guards
  2 jorogumos (Zot:1)
  12 caustic shrike simulacra
  4 stokers
  4 catoblepae
  4 hydras
  7 salamander tyrants
  6 juggernaut simulacra
  11 boulder beetles
  14 anacondas
  4 death knights
  2 fenstrider witch skeletons
  10 ironbound frosthearts
  2 ogre magi
  8 satyrs
  An alligator snapping turtle (Shoals:4)
  An anaconda (shapeshifter) (Vaults:5)
  A quicksilver dragon skeleton (Crypt:3)
  2 spriggan skeletons
  A merfolk avatar (Shoals:1)
  9 merfolk aquamancers
  3 two-headed ogres
  24 dancing weapons
  44 death scarabs
  3 spectral storm dragons (Crypt:3)
  8 naga warriors
  37 hell hogs
  17 centaur warriors
  7 deep troll earth magi
  10 death yaks
  3 deep troll shamans
  18 thrashing horrors
  5 tengu warriors
  An occultist (Depths:3)
  7 shock serpents
  A spectral dire elephant (Crypt:3)
  5 demonic crawlers (Pan)
  A spectral emperor scorpion (Pan)
  14 naga sharpshooters
  A titan zombie (Crypt:3)
  50 sun demons
  A holy swine (Abyss:3)
  21 deep elf knights
  9 iron trolls
  5 orc high priests
  5 spriggan berserkers
  Urug (Lair:3)
  29 soul eaters
  8 vampire magi
  7 skysharks
  5 spriggans
  14 crystal echidnas
  A spatial maelstrom (Abyss:7)
  10 hell knights
  2 spectral bunyips (Crypt:3)
  Sonja (D:11)
  23 shadow wraiths
  A fire crab (shapeshifter) (D:15)
  13 sixfirhies
  23 skeletal warriors
  7 wretched stars
  A glowing orange brain (shapeshifter) (Depths:4)
  A spark wasp zombie (Depths:2)
  2 hellephant skeletons (Pan)
  13 cherubim (Pan)
  16 sea snakes
  7 naga ritualists
  10 shadow demons (Pan)
  88 deep trolls
  42 large abominations
  A golden dragon zombie (Depths:2)
  3 quicksilver dragon simulacra
  6 sun moths
  3 death drakes (Depths:4)
  3 salamander mystics (Snake:4)
  8 flayed ghosts
  12 orc knights
  5 glowing orange brains
  An anaconda zombie (Crypt:3)
  A shadow dragon zombie (Crypt:2)
  An obsidian statue (Zot:5)
  8 arcanists
  8 mana vipers
  16 deep elf archers
  5 lindwurms
  A tengu zombie (Depths:1)
  11 harpies
  16 ironbound convokers
  2 spectral iron dragons
  21 starcursed masses
  11 necromancers
  3 fenstrider witch simulacra
  28 deep elf pyromancers
  A sphinx simulacrum (Depths:3)
  21 phantasmal warriors
  27 deep elf zephyrmancers
  A fire giant zombie (Crypt:1)
  2 anaconda skeletons (Tomb:1)
  6 wolf spiders
  3 fauns (shapeshifter)
  2 orc sorcerers
  10 cyclopes
  5 shining eyes
  43 ugly things
  28 moths of wrath
  7 oklob plants
  10 manticores
  A worldbinder (Abyss:3)
  17 salamanders
  A tengu skeleton (Vaults:1)
  A jorogumo skeleton (Crypt:3)
  A shadow dragon skeleton (Tomb:2)
  19 fauns
  15 elephants (Lair:5)
  A spectral ettin (Crypt:3)
  13 merfolk sirens
  A formless jellyfish zombie (Crypt:3)
  A centaur zombie (Tomb:2)
  8 kobold blastminers (Orc:2)
  A salamander (shapeshifter) (D:14)
  A water nymph (shapeshifter) (Vaults:5)
  7 guardian serpents
  5 rust devils
  8 naga magi
  A fire giant skeleton (Depths:1)
  17 vault sentinels
  5 gargoyles
  An ice statue (Abyss:7)
  4 apocalypse crabs
  25 smoke demons
  25 black mambas
  9 eyes of devastation
  5 water nymphs
  2 storm dragon simulacra
  2 centaur skeletons
  An eye of devastation (shapeshifter) (D:14)
  15 orange demons
  3 kobold demonologists (D:11)
  2 unseen horrors (D:10)
  10 cane toads
  5 titan simulacra
  A spriggan zombie (Depths:1)
  A yaktaur zombie (Vaults:1)
  26 hellions
  A mana viper skeleton (Crypt:3)
  32 yaktaurs
  4 anaconda simulacra
  4 efreet
  4 rime drakes
  28 tormentors
  29 freezing wraiths
  7 ice devils
  8 komodo dragons
  A bunyip simulacrum (Crypt:2)
  4 spectral nagas
  38 guardian mummies
  A silent spectre (Tar:7)
  A minotaur skeleton (Crypt:1)
  3 red devils (Pan)
  A tengu conjurer (Depths:2)
  7 spectral harpies
  4 golden dragon simulacra
  2 iron giant simulacra (Coc:7)
  5 ancient zymes
  3 human skeletons
  29 merfolk
  7 hornets
  2 trolls
  8 hellwings (Pan)
  A tengu simulacrum (Depths:2)
  A tarantella (D:13)
  A tyrant leech (Pan)
  A human zombie (Vaults:1)
  2 harpy skeletons
  A hydra skeleton (Crypt:2)
  9 snapping turtles
  20 blink frogs
  3 wind drakes
  2 snapping turtles (shapeshifter)
  4 stone giant simulacra
  32 raiju
  A guardian serpent zombie (Crypt:3)
  7 dream sheep
  A centaur simulacrum (Coc:2)
  6 glass eyes
  A jumping spider (D:13)
  18 ynoxinuls
  79 slime creatures
  3 shadows
  A black mamba zombie (Crypt:2)
  2 ettin skeletons
  An ice dragon skeleton (Crypt:2)
  5 wyverns
  5 ushabtiu
  16 water elementals
  8 wraiths
  7 dire elephant simulacra
  2 naga simulacra (Coc:7)
  8 air elementals
  4 fire elementals
  6 basilisks
  An alligator snapping turtle simulacrum (Hell)
  An elf zombie (Vaults:1)
  A vampire (Abyss:3)
  A fire bat (Abyss:5)
  2 steam dragons
  41 yaks
  A black mamba skeleton (Tomb:1)
  15 golden eyes
  16 neqoxecs
  7 spriggan simulacra
  A redback (D:13)
  10 vampire mosquitoes
  12 chaos spawn
  A green draconian simulacrum (Zot:3)
  25 nagas
  2 moth of wrath simulacra (Zot:3)
  Duvessa (D:5)
  An acid dragon (D:13)
  20 harpy simulacra
  15 water moccasins
  4 hell hounds (Snake:2)
  A hydra simulacrum (Coc:3)
  A deep troll skeleton (Crypt:3)
  44 orc warriors
  A glowing shapeshifter skeleton (Vaults:1)
  3 ice beasts (D:8)
  2 black bears
  2 ettin simulacra
  A sky beast (D:6)
  2 swamp dragon zombies
  14 laughing skulls
  8 ogres
  6 small abominations (Abyss:3)
  A tengu (D:8)
  4 boggarts
  An elephant skeleton (Crypt:1)
  19 wolves
  A swamp dragon skeleton (Crypt:2)
  6 kobold brigands
  A komodo dragon zombie (Crypt:1)
  4 brain worms (Abyss:3)
  3 weeping skulls
  Blork the orc (D:6)
  12 bullfrogs
  6 necrophages
  7 earth elementals
  8 scorpions
  19 wights
  Dowan (D:5)
  6 killer bees
  A troll zombie (Crypt:2)
  3 electric eels
  10 howler monkeys
  3 lava snakes (D:13)
  22 orc priests
  2 bombardier beetles
  8 jellies
  4 hounds
  2 iron imps (Abyss:3)
  Natasha (thrice) (D:4)
  7 iguanas
  31 orc wizards
  A boggart skeleton (Crypt:1)
  3 naga zombies
  A hound zombie (Crypt:1)
  25 mummies
  5 gnolls
  8 adders
  A shadow imp (Abyss:3)
  3 white imps
  A ribbon worm zombie (Crypt:1)
  5 ufetubi
  3 dart slugs
  4 ribbon worms
  111 orcs
  7 ball pythons
  10 bats
  7 endoplasms
  3 giant cockroaches
  11 goblins
  7 hobgoblins
  4 jackals
  8 quokkas
  A river rat zombie (Crypt:2)
  6 frilled lizards
  A gnoll zombie (Crypt:3)
  27 kobolds
  6 rats
  A river rat skeleton (Crypt:1)
  5 aspiring fleshes
  A creeping inferno (Geh:1)
  3 fire vortices
  4 tentacles (Shoals:4)
4036 creatures vanquished.

Vanquished Creatures (collateral kills)
  Asmodeus (Geh:7)
  Khufu (Tomb:3)
  An ancient lich (Zot:5)
  4 royal mummies (Tomb:1)
  4 shard shrikes
  A pandemonium lord (Pan)
  A Hell Sentinel (Pan)
  3 Ice Fiends
  7 Orb Guardians (Zot:5)
  3 liches
  A quicksilver dragon (Zot:5)
  3 sphinxes (Tomb:1)
  An eldritch tentacle (Pan)
  3 titans
  3 Executioners (Pan)
  A storm dragon (Zot:5)
  3 narguns
  2 daevas (Pan)
  A protean progenitor (Pan)
  2 demonspawn warmongers (Pan)
  A balrug (Pan)
  2 reapers (Pan)
  A shard shrike simulacrum (Coc:7)
  4 ghost moths (Pan)
  2 cacodemons
  4 angels (Pan)
  3 ophanim (Pan)
  A draconian annihilator (Pan)
  A demonspawn blood saint (Pan)
  2 apis (Pan)
  2 elemental wellsprings
  A bennu (Tomb:3)
  7 lorocyprocas (Pan)
  A blizzard demon (Pan)
  3 mummy priests
  A rakshasa (Pan)
  A caustic shrike simulacrum (Coc:4)
  2 alligators (Pan)
  A spriggan skeleton (Tomb:2)
  A boulder beetle (Pan)
  2 juggernaut simulacra
  18 death scarabs
  2 spectral emperor scorpions (Pan)
  7 sun demons
  2 thrashing horrors (Abyss:7)
  2 soul eaters (Pan)
  4 shadow wraiths (Pan)
  A sixfirhy (Pan)
  A goliath frog (Pan)
  A shadow demon (Pan)
  A sun moth (Pan)
  A cherub (Pan)
  A moth of wrath (Zot:5)
  3 large abominations
  A will-o-the-wisp (Abyss:7)
  2 centaur zombies
  2 eyes of devastation (Pan)
  An apocalypse crab (Abyss:7)
  15 smoke demons
  2 orange demons
  4 tormentors
  2 iron giant simulacra
  An ancient zyme (Abyss:7)
  13 guardian mummies
  A golden dragon simulacrum (Coc:3)
  A tyrant leech (Pan)
  4 hellwings (Pan)
  3 raiju (Abyss:7)
  A harpy skeleton (Tomb:3)
  A glass eye (Pan)
  2 dire elephant simulacra
  10 ynoxinuls (Pan)
  3 ushabtiu (Tomb:3)
  3 chaos spawn (Pan)
  5 neqoxecs (Pan)
  A harpy simulacrum (Coc:4)
  2 hydra simulacra
  An ettin simulacrum (Tomb:2)
  3 starcursed masses (Abyss:7)
  14 mummies
  2 ball lightnings (Pan)
  A fire vortex (Pan)
  A starspawn tentacle (Abyss:7)
235 creatures vanquished.

Vanquished Creatures (others)
  A dread lich (Tomb:3)
  2 ancient liches (Zot:5)
  5 royal mummies (Tomb:3)
  A shard shrike (Coc:5)
  A Killer Klown (Zot:5)
  An Ice Fiend (Coc:7)
  A tentacled monstrosity (Zot:5)
  An Orb Guardian (Zot:5)
  A lich (Abyss:5)
  2 ancient champions (Tomb:3)
  A revenant (Tomb:3)
  A frost giant (Depths:3)
  2 shard shrike simulacra (Coc:6)
  A bennu (Tomb:3)
  A wendigo (Coc:2)
  A war gargoyle (Vaults:3)
  A mummy priest (Tomb:3)
  A hydra (D:14)
  An ogre mage (Abyss:5)
  2 juggernaut simulacra
  A centaur warrior (D:14)
  A death scarab (Tomb:3)
  A wretched star (Abyss:3)
  A crystal echidna (Dis:7)
  2 large abominations
  2 quicksilver dragon simulacra (Coc:4)
  A spriggan simulacrum (Tomb:3)
  A deep elf pyromancer (Elf:1)
  A deep elf zephyrmancer (Elf:1)
  An unseen horror (D:13)
  A bunyip simulacrum (Coc:2)
  12 guardian mummies (Tomb:3)
  An iron giant simulacrum (Coc:2)
  An ancient zyme (Abyss:7)
  A golden dragon simulacrum (Coc:4)
  A glass eye (Depths:3)
  An air elemental (Elf:1)
  A water elemental (Elf:1)
  A small abomination (Zot:5)
  A ynoxinul (Pan)
  4 ushabtiu (Tomb:3)
  A dire elephant simulacrum (Coc:2)
  A fire bat (Abyss:5)
  A golden eye (Abyss:5)
  2 neqoxecs
  2 harpy simulacra
  4 chaos spawn
  A sky beast (Abyss:5)
  An ettin simulacrum (Coc:2)
  A tengu (Abyss:5)
  A naga simulacrum (Coc:2)
  2 mummies (Tomb:3)
  13 ball lightnings (Pan)
  2 creeping infernos
  2 fire vortices
  2 foxfires (Abyss:7)
  A lurking horror (Abyss:5)
  92 spectral weapons
  35 starspawn tentacles
  12 tentacles (Shoals:4)
241 creatures vanquished.

Grand Total: 4512 creatures vanquished

Notes
Turn   | Place    | Note
-------+----------+-------------------------------------------
     0 | D:1      | olmar the Gargoyle Fighter began the quest for the Orb.
     0 | D:1      | Reached XP level 1. HP: 14/14 MP: 1/1
   137 | D:1      | Reached XP level 2. HP: 19/19 MP: 2/2
   137 | D:1      | Found Jathro's Assorted Antiques.
   459 | D:1      | Reached XP level 3. HP: 23/23 MP: 3/3
   878 | D:2      | Reached XP level 4. HP: 6/29 MP: 4/4
  2011 | D:3      | Reached XP level 5. HP: 33/33 MP: 5/5
  2275 | D:3      | Found a glowing silver altar of Zin.
  2527 | D:4      | Found a broken altar of Ashenzari.
  2622 | D:4      | Noticed Natasha
  2628 | D:4      | Killed Natasha
  2629 | D:4      | Reached XP level 6. HP: 38/38 MP: 6/6
  2736 | D:4      | Noticed Natasha
  2764 | D:4      | Killed Natasha
  2825 | D:4      | Noticed Natasha
  2832 | D:4      | Killed Natasha
  3009 | D:4      | Reached skill level 5 in Maces & Flails
  3024 | D:4      | Found an opulent altar of Gozag.
  3096 | D:4      | Became a worshipper of Gozag Ym Sagoz the Greedy
  3285 | D:5      | Entered Level 5 of the Dungeon
  3285 | D:5      | Noticed Dowan
  3286 | D:5      | Noticed Duvessa
  3349 | D:5      | Noticed a black bear
  3350 | D:5      | Noticed a water moccasin
  3366 | D:5      | Killed a black bear
  3367 | D:5      | Reached XP level 7. HP: 15/44 MP: 2/7
  3820 | D:5      | Reached skill level 5 in Armour
  3820 | D:5      | Reached XP level 8. HP: 45/48 MP: 6/8
  3867 | D:5      | Found a snail-covered altar of Cheibriados.
  4000 | D:5      | Reached skill level 5 in Fighting
  4277 | D:5      | Killed Duvessa
  4296 | D:5      | Killed Dowan
  4740 | D:6      | Found a staircase to the Ecumenical Temple.
  4798 | D:6      | Found a runed translucent door.
  4799 | D:6      | Noticed dialectric's ghost (novice OpBr)
  5082 | D:6      | Reached XP level 9. HP: 54/55 MP: 9/9
  5121 | D:6      | Reached skill level 5 in Shields
  5195 | D:6      | Found an ancient bone altar of Kikubaaqudgha.
  5390 | D:6      | Noticed Blork the orc
  5397 | D:6      | Killed Blork the orc
  6021 | D:7      | Found a hazy altar of Hepliaklqana.
  6303 | D:7      | Found a shadowy altar of Dithmenos.
  6368 | D:7      | Found a shimmering blue altar of Sif Muna.
  6506 | D:8      | Noticed a rime drake
  6527 | D:8      | Reached skill level 10 in Maces & Flails
  6535 | D:8      | Killed a rime drake
  6684 | D:8      | Found a staircase to the Lair.
  6703 | D:8      | Reached XP level 10. HP: 58/61 MP: 8/10
  6845 | D:8      | Reached skill level 1 in Evocations
  7238 | D:8      | Noticed Pikel
  7240 | D:8      | Pikel changed into Pikel the harpy
  7240 | D:8      | Noticed Pikel
  7248 | D:8      | Killed Pikel the harpy
  7489 | D:8      | Found Zeiwolom's Armour Shoppe.
  8026 | D:8      | Found a basalt altar of Yredelemnul.
  8026 | D:8      | Found a shimmering altar of Xom.
  8026 | D:8      | Found an ancient bone altar of Kikubaaqudgha.
  8026 | D:8      | Found a stormy altar of Qazlal.
  8026 | D:8      | Found a shimmering blue altar of Sif Muna.
  8026 | D:8      | Found a shimmering altar of Xom.
  8385 | D:9      | Found a bloodstained altar of Trog.
  8432 | D:9      | Found a stormy altar of Qazlal.
  8907 | D:9      | Reached XP level 11. HP: 48/68 MP: 11/11
  9011 | D:9      | Found an iron altar of Okawaru.
  9369 | D:10     | Entered Level 10 of the Dungeon
  9481 | D:10     | Found a flagged portal.
  9505 | Bailey   | Entered a bailey
  9511 | Bailey   | Noticed an orc warlord
  9842 | Bailey   | Found a runed translucent gate.
  9845 | Bailey   | Found a runed translucent gate.
  9847 | Bailey   | Found a runed translucent gate.
  9939 | Bailey   | Killed an orc warlord
 10114 | D:10     | Acquired the +0 pair of gloves of Grace {Rampage rPois MP+9
                  | Int-4}
 10530 | D:10     | Noticed a two-headed ogre
 10537 | D:10     | Killed a two-headed ogre
 10785 | D:10     | Found a burning altar of Makhleb.
 10931 | D:10     | Noticed a two-headed ogre
 10973 | D:10     | Killed a two-headed ogre
 11375 | Lair:1   | Entered Level 1 of the Lair of Beasts
 11398 | Lair:1   | Bought a +2 helmet of intelligence for 387 gold pieces
 11431 | Lair:1   | Bought a +3 chain mail of cold resistance for 477 gold
                  | pieces
 11713 | Lair:1   | Reached skill level 10 in Fighting
 11714 | Lair:1   | Reached XP level 12. HP: 44/77 MP: 12/12
 12732 | Lair:2   | Noticed a seven-headed hydra
 12739 | Lair:2   | Killed a seven-headed hydra
 12856 | Lair:2   | Found a staircase to the Snake Pit.
 13007 | Lair:2   | Found a runed translucent door.
 13008 | Lair:2   | Noticed Reubyar's ghost (journeyman MiBe)
 13008 | Lair:2   | Noticed an eight-headed hydra
 13149 | Lair:2   | Reached skill level 15 in Maces & Flails
 13607 | Lair:3   | Found a staircase to the Shoals.
 13613 | Lair:3   | Noticed Urug
 13718 | Lair:3   | Killed Urug
 13958 | Lair:3   | Reached skill level 10 in Armour
 14025 | Lair:3   | Reached XP level 13. HP: 84/84 MP: 13/13
 15081 | D:11     | Noticed Sonja
 15108 | D:11     | Killed Sonja
 16328 | D:11     | Found a staircase to the Orcish Mines.
 16413 | Orc:1    | Entered Level 1 of the Orcish Mines
 16430 | Orc:1    | Found a runed translucent gate.
 16430 | Orc:1    | Found a runed translucent gate.
 16430 | Orc:1    | Found a runed translucent gate.
 16433 | Orc:1    | Noticed Esekla's ghost (journeyman NaWn)
 16791 | Orc:2    | Entered Level 2 of the Orcish Mines
 18262 | Orc:2    | Found a staircase to the Elven Halls.
 18980 | Orc:2    | Found Ikumpiw's General Store.
 18985 | Orc:2    | Bought a wand of iceblast (8) for 288 gold pieces
 19089 | Orc:2    | Found Marhay's Distillery.
 19118 | Orc:2    | Bought a potion of degeneration for 13 gold pieces
 19118 | Orc:2    | Bought a potion of attraction for 39 gold pieces
 19118 | Orc:2    | Bought 2 potions of curing for 78 gold pieces
 19118 | Orc:2    | Bought a potion of curing for 39 gold pieces
 19118 | Orc:2    | Bought a potion of curing for 39 gold pieces
 19118 | Orc:2    | Bought a potion of curing for 39 gold pieces
 19118 | Orc:2    | Bought 2 potions of mutation for 208 gold pieces
 19307 | Orc:2    | Noticed an orc warlord
 19528 | Orc:2    | Killed an orc warlord
 19782 | Orc:2    | Gained mutation: Your large and strong wings let you fly.
                  | [Gargoyle growth]
 19782 | Orc:2    | Reached XP level 14. HP: 44/84 MP: 14/14
 19930 | Orc:2    | Found Pyceagro's Antique Weapon Shop.
 19936 | Orc:2    | Found Xesysoa's Antique Armour Boutique.
 20335 | Lair:4   | Found the +13 scythe of Curses {drain, curses, ^Drain}
 20385 | Lair:4   | Found a staircase to the Slime Pits.
 21284 | Lair:4   | Found a blossoming altar of Fedhas.
 21676 | Lair:4   | Bought a pitted great mace for 379 gold pieces
 21676 | Lair:4   | Identified the +6 great mace "Goblinbane" {venom, rF+} (You
                  | bought it in a shop on level 4 of the Lair of Beasts)
 21720 | Lair:5   | Entered Level 5 of the Lair of Beasts
 22678 | Lair:5   | Noticed a dire elephant
 22703 | Lair:5   | Killed a dire elephant
 22788 | Lair:5   | Identified the +11 sling "Arcanum" {drain, Str+3}
 23534 | D:12     | Reached XP level 15. HP: 101/101 MP: 15/15
 24173 | D:13     | Noticed Nessos
 24182 | D:13     | Killed Nessos
 24184 | D:13     | Noticed Jorgrun
 24444 | D:12     | Bought a blackened scarf for 280 gold pieces
 24444 | D:12     | Identified the scarf "Pirris" {+Inv, rC+ rN+ rCorr Str+5}
                  | (You bought it in a shop on level 12 of the Dungeon)
 24458 | D:12     | Bought a warped scale mail for 252 gold pieces
 24458 | D:12     | Identified the +0 scale mail of Qecruan {-Tele rF- Int+3
                  | Dex+8} (You bought it in a shop on level 12 of the Dungeon)
 24479 | D:13     | Killed Jorgrun
 24727 | D:13     | Found a gate to the Vaults.
 25379 | D:13     | Found a runed translucent door.
 25745 | D:13     | Identified the +12 whip of Divine Watchfulness {freeze, rF+
                  | MP+9}
 25749 | D:13     | Found a runed translucent gate.
 25749 | D:13     | Found a runed translucent gate.
 25749 | D:13     | Found a runed translucent gate.
 25749 | D:13     | Found a runed translucent gate.
 25749 | D:13     | Found a runed translucent gate.
 25749 | D:13     | Found a runed translucent gate.
 26183 | D:13     | Reached skill level 15 in Fighting
 26371 | D:13     | Bought the amulet of Vitality {RegenMP++ Regen++} for 1300
                  | gold pieces
 26371 | D:13     | Found the amulet of Vitality {RegenMP++ Regen++}
 26433 | D:14     | Found a runed translucent door.
 26440 | D:14     | Identified the staff of Conservatism {Str+2 Dex+2 Stlth+
                  | Conj}
 26988 | Abyss:3  | Cast into level 3 of the Abyss (skeletal warrior)
 27189 | Abyss:3  | Noticed a tentacled starspawn
 27206 | Abyss:3  | Killed a tentacled starspawn
 27207 | Abyss:3  | Reached XP level 16. HP: 52/108 MP: 16/16
 27264 | D:14     | Escaped the Abyss
 27328 | D:14     | Found an ornate altar of the Wu Jian Council.
 27679 | Snake:1  | Entered Level 1 of the Snake Pit
 27814 | Snake:1  | Identified the +3 leather armour "Coresoosm" {rC+ rN++ SInv
                  | Stlth+}
 29577 | Snake:2  | Noticed Azrael
 29645 | Snake:2  | Killed Azrael
 30386 | D:15     | Entered Level 15 of the Dungeon
 30943 | D:15     | Found a staircase to the Depths.
 31590 | D:14     | Reached XP level 17. HP: 100/103 MP: 17/17
 31612 | D:14     | Identified the +7 hand axe of Ejymodogg {elec, Dex+5}
 31803 | Elf:1    | Entered Level 1 of the Elven Halls
 31806 | Elf:1    | Paralysed by an air elemental for 1 turns
 31821 | Elf:1    | Paralysed by an air elemental for 1 turns
 31973 | Elf:1    | Reached skill level 15 in Armour
 31985 | Elf:1    | Paralysed by an air elemental for 1 turns
 32218 | Elf:1    | Paralysed by an air elemental for 1 turns
 32593 | Elf:1    | Got the Handbook of Generative Outbursts
 32722 | Elf:1    | Got the Octavo of Graupel
 32729 | Elf:1    | Got the Guide on Oxidation
 32754 | Elf:1    | Got Paxehewyi's Atlas of the Quarry
 33046 | Depths:1 | Entered Level 1 of the Depths
 34288 | Elf:2    | Found a runed translucent gate.
 34289 | Elf:2    | Found a runed translucent gate.
 34289 | Elf:2    | Found a runed translucent gate.
 34652 | Elf:3    | Entered Level 3 of the Elven Halls
 35784 | Elf:3    | Reached XP level 18. HP: 126/126 MP: 18/18
 35790 | Elf:3    | Noticed Boris
 35802 | Elf:3    | Killed Boris
 36300 | Abyss:3  | Cast into level 3 of the Abyss (a deep elf sorcerer)
 36825 | Abyss:3  | Noticed a bone dragon
 36852 | Abyss:3  | Killed a bone dragon
 36862 | Abyss:3  | Found a corrupted altar of Lugonu.
 37431 | Abyss:3  | Noticed a dread lich
 37440 | Abyss:3  | Killed a dread lich
 37469 | Abyss:4  | Found a corrupted altar of Lugonu.
 37509 | Abyss:4  | Found a corrupted altar of Lugonu.
 37641 | Abyss:5  | Noticed a lich
 37641 | Abyss:5  | Noticed a lich
 37646 | Abyss:5  | Killed a lich
 37648 | Abyss:5  | Noticed a lich
 37655 | Abyss:5  | Killed a lich
 37674 | Abyss:5  | Killed a lich
 37697 | Abyss:5  | Killed a lich
 37697 | Abyss:5  | Noticed a lich
 37707 | Abyss:5  | Killed a lich
 37752 | Abyss:5  | Reached XP level 19. HP: 65/135 MP: 13/13
 37803 | Abyss:5  | Got an abyssal rune of Zot
 37852 | Abyss:5  | Noticed a bone dragon
 37876 | Elf:3    | Escaped the Abyss
 39265 | Snake:3  | Found the +9 staff of Olgreb {rPois∞}
 39432 | Snake:3  | Found a runed translucent door.
 39432 | Snake:3  | Noticed Yore's ghost (adept GrFi)
 39849 | Snake:4  | Entered Level 4 of the Snake Pit
 41038 | Snake:4  | Noticed Vashnia
 41086 | Snake:4  | Reached XP level 20. HP: 98/144 MP: 20/20
 41096 | Snake:4  | Killed Vashnia
 41195 | Snake:4  | Got a serpentine rune of Zot
 41987 | D:13     | Identified the amulet of Widunod {Reflect Harm rF++ Will-
                  | Dex-5 SH+5}
 42857 | Depths:1 | Found a gateway to Hell.
 43699 | Depths:1 | Identified the staff "Hydra's Nightmare" {rPois rC+ Str+3
                  | Alchemy}
 43994 | Depths:2 | Found a one-way gate to the infinite horrors of the Abyss.
 44030 | Depths:2 | Found a one-way gate leading to the halls of Pandemonium.
 44679 | Depths:2 | Reached XP level 21. HP: 152/152 MP: 21/21
 45010 | Depths:2 | Found the +0 pair of fencer's gloves {Riposte Dex+3}
 45257 | Depths:2 | Identified the +7 shortbow "Acaquh" {speed, rElec SInv}
 45520 | Depths:2 | Found an iron altar of Okawaru.
 45639 | Depths:3 | Noticed a golden dragon
 45646 | Depths:3 | Killed a golden dragon
 45664 | Depths:3 | Found Uri Susm's Armour Boutique.
 45667 | Depths:3 | Found Daiblocw's Weapon Boutique.
 45667 | Depths:3 | Found Jiamoiwe's Assorted Antiques.
 45707 | Depths:3 | Found Utusemn's General Store.
 45734 | Depths:3 | Bought a potion of might for 108 gold pieces
 45734 | Depths:3 | Bought a scroll of poison for 108 gold pieces
 45734 | Depths:3 | Bought a wand of acid (5) for 567 gold pieces
 46090 | Depths:3 | Noticed a golden dragon
 46127 | Depths:3 | Killed a golden dragon
 46128 | Depths:3 | Reached skill level 1 in Dodging
 46349 | Depths:3 | Found a one-way gateway to a ziggurat.
 47142 | Elf:3    | Killed a bone dragon
 47930 | Elf:3    | Identified the ring "Qycseq" {rC+ Dex+2}
 48391 | Elf:3    | Reached XP level 22. HP: 161/161 MP: 22/22
 48558 | Elf:3    | Got the Treatise on Hiemal Ill Luck
 48560 | Elf:3    | Identified the +0 scale mail of the Bulwark {rPois Regen+}
 49033 | D:1      | Bought a potion of haste for 260 gold pieces
 49033 | D:1      | Bought a potion of mutation for 208 gold pieces
 49033 | D:1      | Bought a scroll of blinking for 195 gold pieces
 49033 | D:1      | Bought a scroll of teleportation for 78 gold pieces
 49295 | Slime:1  | Entered Level 1 of the Pits of Slime
 49331 | Lair:4   | Reached skill level 5 in Evocations
 49382 | Lair:4   | Bought a wand of iceblast (5) for 360 gold pieces
 49382 | Lair:4   | Bought a wand of digging (7) for 882 gold pieces
 49382 | Lair:4   | Bought a scroll of teleportation for 90 gold pieces
 49382 | Lair:4   | Bought a potion of heal wounds for 150 gold pieces
 49382 | Lair:4   | Bought a wand of iceblast (3) for 216 gold pieces
 49668 | D:13     | Bought a ring of willpower for 325 gold pieces
 50240 | Slime:2  | Noticed Dissolution
 50253 | Slime:1  | Killed Dissolution
 51301 | Slime:3  | Gained mutation: You occasionally shout uncontrollably at
                  | your foes. [a shining eye]
 51304 | Slime:3  | Gained mutation: You are weak. (Str -2) [a shining eye]
 51312 | Slime:3  | Lost mutation: You are weak. (Str -2) [potion of mutation]
 51312 | Slime:3  | Lost mutation: You occasionally shout uncontrollably at
                  | your foes. [potion of mutation]
 51312 | Slime:3  | Gained mutation: You sometimes lose your temper in combat.
                  | [potion of mutation]
 51312 | Slime:3  | Gained mutation: You are robust. (+10% HP) [potion of
                  | mutation]
 51428 | Slime:3  | Gained mutation: Your body sometimes deteriorates upon
                  | taking damage. [a shining eye]
 51436 | Slime:3  | Gained mutation: Your health recovers twice as slowly from
                  | being drained. [a shining eye]
 51441 | Slime:3  | Gained mutation: You are partially covered in iridescent
                  | scales. (AC +2) [a shining eye]
 51443 | Slime:3  | Gained mutation: Your body often deteriorates upon taking
                  | damage. [a shining eye]
 52178 | Slime:5  | Entered Level 5 of the Pits of Slime
 52771 | Slime:5  | Found a viscous altar of Jiyva.
 52916 | Slime:5  | Noticed the Royal Jelly
 53358 | Slime:5  | Killed the Royal Jelly
 53359 | Slime:5  | Reached skill level 5 in Dodging
 53529 | Slime:5  | Identified the +0 robe "Uchakuni" {rN+ MP+9 Str+3 Int+3}
 53547 | Slime:5  | Got the Directory of Transmuted Conflict
 53592 | Slime:5  | Got a slimy rune of Zot
 53664 | Slime:5  | Identified the staff "Hydrabane" {rC+ Fire Ice}
 53790 | Slime:5  | Identified the +5 short sword "Ziz Ixat" {venom, rC+ Dex+4}
 53791 | Slime:5  | Identified the +3 quarterstaff "Supaor" {freeze, Stlth+}
 53795 | Slime:5  | Identified the +9 long sword of Eternal Vigilance {spect,
                  | *Corrode rElec rN+ Str+2}
 54021 | Shoals:1 | Entered Level 1 of the Shoals
 54162 | Shoals:1 | Noticed Mlioglotl
 54172 | Shoals:1 | Killed Mlioglotl
 54237 | Shoals:1 | Identified the +2 pair of gloves of the Geomancers {Rampage
                  | rF- Int+9 Stlth-}
 54237 | Shoals:1 | Noticed Nikola
 54245 | Shoals:1 | Reached XP level 23. HP: 187/187 MP: 23/23
 54259 | Shoals:1 | Killed Nikola
 54835 | Shoals:2 | Identified the +4 rapier of the Median {freeze, rC+ Int+6
                  | Stlth+}
 55396 | Shoals:2 | Noticed Polyphemus
 55409 | Shoals:2 | Killed Polyphemus
 56368 | Shoals:3 | Found Vainlyz's Magic Scroll Emporium.
 56376 | Shoals:3 | Bought a scroll of revelation for 127 gold pieces
 56376 | Shoals:3 | Bought a scroll of teleportation for 51 gold pieces
 56376 | Shoals:3 | Bought a scroll of teleportation for 51 gold pieces
 56376 | Shoals:3 | Bought 2 scrolls of fog for 136 gold pieces
 56376 | Shoals:3 | Bought a scroll of fog for 68 gold pieces
 56612 | Shoals:4 | Entered Level 4 of the Shoals
 56612 | Shoals:4 | Found Jugri Geuh's Armour Emporium.
 56636 | Shoals:4 | Identified the serpent talisman of Weirdness {Stlth+}
 56636 | Shoals:4 | Noticed Aizul
 56646 | Shoals:4 | Killed Aizul
 56682 | Shoals:4 | Identified the +7 mace of Yesterday {vamp, Int+3}
 56701 | Shoals:4 | Identified the +5 dire flail of the Conjuring Asp {flame,
                  | rF+ Will+}
 56773 | Shoals:4 | Noticed Ilsuiw
 57007 | Shoals:4 | Got a barnacled rune of Zot
 57054 | Shoals:4 | Found Levvyps's Magic Scroll Shop.
 57066 | Shoals:4 | Bought a scroll of teleportation for 42 gold pieces
 57066 | Shoals:4 | Bought a scroll of fog for 56 gold pieces
 57066 | Shoals:4 | Bought a scroll of teleportation for 42 gold pieces
 57097 | Shoals:4 | Identified the +1 plate armour "Sohol" {rN+++ Will- Int+3
                  | Dex+8}
 57108 | Shoals:4 | Found Baucs's Jewellery Shoppe.
 57421 | Shoals:4 | Killed Ilsuiw
 58236 | Depths:4 | Entered Level 4 of the Depths
 58254 | Depths:4 | Noticed Boris
 58266 | Depths:4 | Killed Boris
 58352 | Depths:4 | Found a magical portal.
 58358 | WizLab   | Entered Eringya's Formal Garden
 59077 | WizLab   | Identified the staff of Homaupt {rElec rPois rC- Will++
                  | Earth}
 59129 | WizLab   | Found a blossoming altar of Fedhas.
 59403 | Depths:4 | Reached XP level 24. HP: 198/198 MP: 23/23
 59565 | Depths:4 | Identified the +6 shortbow "Kethrun" {flame, rCorr}
 60350 | Depths:4 | Reached skill level 27 in Fighting
 60545 | Depths:4 | Found a gate to the Realm of Zot.
 60642 | Depths:4 | Identified the +0 ring mail of Cocytus {Harm rN+ Str-2}
 60643 | Depths:4 | Identified the +1 robe "Vaele" {MP+9 Int+3}
 61107 | Zot:1    | Entered Level 1 of the Realm of Zot
 61473 | Zot:1    | Reached skill level 10 in Dodging
 61631 | Zot:1    | Reached skill level 27 in Maces & Flails
 62109 | Zot:1    | Noticed Vv
 62129 | Zot:1    | Found a transporter.
 62130 | Zot:1    | Killed Vv
 63374 | Zot:3    | Reached XP level 25. HP: 205/205 MP: 23/23
 63502 | Zot:3    | Identified the ring "Foral" {Ice Dex+7}
 63502 | Zot:3    | Noticed Josephina
 63708 | Zot:3    | Killed Josephina
 64211 | Zot:4    | Found a hide-covered altar of Uskayaw.
 65862 | Zot:5    | Entered Level 5 of the Realm of Zot
 65867 | Zot:5    | Noticed a shard shrike
 65868 | Zot:5    | Noticed browni3141's ghost (adept MiFi)
 65898 | Zot:5    | Found a transporter.
 65902 | Zot:5    | Noticed a shard shrike
 65986 | Zot:5    | Noticed a Killer Klown
 65986 | Zot:5    | Noticed a Killer Klown
 65986 | Zot:5    | Noticed an orb of fire
 65986 | Zot:5    | Noticed an ancient lich
 65987 | Zot:5    | Noticed an orb of fire
 65988 | Zot:5    | Noticed a dread lich
 66001 | Zot:5    | Noticed an ancient lich
 66001 | Zot:5    | Noticed a Killer Klown
 66001 | Zot:5    | Noticed a Killer Klown
 66001 | Zot:5    | Noticed an orb of fire
 66007 | Zot:5    | Noticed a Killer Klown
 66008 | Zot:5    | Lost mutation: You are robust. (+10% HP) [an orb of fire]
 66017 | Zot:5    | Gained mutation: You occasionally lose the ability to read
                  | scrolls when taking damage. [an orb of fire]
 66018 | Zot:5    | Noticed an ancient lich
 66032 | Zot:5    | Lost mutation: Your health recovers twice as slowly from
                  | being drained. [an orb of fire]
 66046 | Zot:5    | Gained mutation: You are frail. (-10% HP) [an orb of fire]
 66046 | Zot:5    | HP: 7/168 [yellow draconian annihilator/+0 long sword (9)]
 66055 | Zot:4    | HP: 4/168 [yellow draconian annihilator/crystal spear (41)]
 66107 | Zot:4    | Lost mutation: You are partially covered in iridescent
                  | scales. (AC +2) [potion of mutation]
 66107 | Zot:4    | Lost mutation: You sometimes lose your temper in combat.
                  | [potion of mutation]
 66107 | Zot:4    | Lost mutation: You occasionally lose the ability to read
                  | scrolls when taking damage. [potion of mutation]
 66107 | Zot:4    | Gained mutation: You sometimes lose your temper in combat.
                  | [potion of mutation]
 66107 | Zot:4    | Gained mutation: Your magical capacity is low. (-10% MP)
                  | [potion of mutation]
 66109 | Zot:4    | Lost mutation: You are frail. (-10% HP) [potion of
                  | mutation]
 66109 | Zot:4    | Lost mutation: You sometimes lose your temper in combat.
                  | [potion of mutation]
 66109 | Zot:4    | Gained mutation: You sometimes lose your temper in combat.
                  | [potion of mutation]
 66109 | Zot:4    | Lost mutation: You sometimes lose your temper in combat.
                  | [potion of mutation]
 66110 | Zot:4    | Lost mutation: Your body often deteriorates upon taking
                  | damage. [potion of mutation]
 66110 | Zot:4    | Lost mutation: Your body sometimes deteriorates upon taking
                  | damage. [potion of mutation]
 66110 | Zot:4    | Lost mutation: Your magical capacity is low. (-10% MP)
                  | [potion of mutation]
 66110 | Zot:4    | Gained mutation: Your body sometimes deteriorates upon
                  | taking damage. [potion of mutation]
 66110 | Zot:4    | Gained mutation: You are vulnerable to heat. (rF-) [potion
                  | of mutation]
 66111 | Zot:4    | Lost mutation: Your body sometimes deteriorates upon taking
                  | damage. [potion of mutation]
 66111 | Zot:4    | Lost mutation: You are vulnerable to heat. (rF-) [potion of
                  | mutation]
 66111 | Zot:4    | Gained mutation: Your spells are a little harder to cast,
                  | but a little more powerful. [potion of mutation]
 66111 | Zot:4    | Gained mutation: You are robust. (+10% HP) [potion of
                  | mutation]
 66486 | Vaults:1 | Entered Level 1 of the Vaults
 67181 | Vaults:1 | Found Bengoi's Antique Weapon Shoppe.
 67207 | Vaults:1 | Reached skill level 15 in Dodging
 67208 | Vaults:1 | Reached XP level 26. HP: 207/212 MP: 23/23
 67235 | Vaults:1 | Bought a glowing great mace for 247 gold pieces
 67260 | Vaults:1 | Noticed Boris
 67267 | Vaults:1 | Killed Boris
 68816 | Vaults:2 | Found Cayfa's Weapon Shoppe.
 68840 | Vaults:2 | Acquired a +4 eveningstar of protection
 69659 | Vaults:2 | Found a staircase to the Crypt.
 69901 | Vaults:3 | Reached skill level 10 in Shields
 70356 | Vaults:3 | Found a portal to a secret trove of treasure.
 70454 | Vaults:3 | You showed the slimy rune of Zot to enter a treasure trove
 70455 | Trove    | Entered a treasure trove
 70462 | Trove    | Identified the ring of Zamacrocw {rN+ Int+4}
 70466 | Trove    | Identified the amulet "Xuwneon" {Reflect Int+3 SH+5}
 70470 | Trove    | Identified the ring "Wuwasor" {Fire Int+3 Dex+4 Stlth+}
 70472 | Trove    | Identified the ring of Ollumidu {Str+6 Int+4}
 70676 | Vaults:3 | Noticed Sojobo
 70693 | Vaults:3 | Killed Sojobo
 70797 | Vaults:3 | Noticed a dread lich
 70811 | Vaults:3 | Killed a dread lich
 71373 | Vaults:4 | Reached XP level 27. HP: 218/218 MP: 23/23
 71471 | Vaults:4 | Got the Discursus on Vitriolic Ignition
 71523 | Vaults:4 | Noticed Boris
 71528 | Vaults:4 | Killed Boris
 71639 | Vaults:4 | Identified the +2 ring mail of Rotation {rElec Will- Str+3
                  | SInv}
 72466 | Vaults:5 | Entered Level 5 of the Vaults
 72476 | Vaults:4 | Bought a scroll of fog for 192 gold pieces
 72476 | Vaults:4 | Bought a scroll of enchant armour for 360 gold pieces
 72477 | Vaults:4 | Acquired the ring "Sitzalar" {^Drain rN+ Will++ Str+6}
 72634 | Vaults:5 | Reached skill level 15 in Shields
 72668 | Vaults:5 | Noticed a dread lich
 72676 | Vaults:5 | Killed a dread lich
 72848 | Vaults:5 | Noticed an ancient lich
 72848 | Vaults:5 | Identified the +9 quarterstaff "Beetle's Regret" {elec, rN+
                  | Str+2}
 72849 | Vaults:5 | Noticed an ancient lich
 72854 | Vaults:5 | Killed an ancient lich
 72931 | Vaults:5 | Killed an ancient lich
 73365 | Vaults:5 | Identified the +0 helmet "Heinipuc" {Stlth+}
 73395 | Vaults:5 | Got the Treatise on Astrapomancy and Composition
 73402 | Vaults:5 | Identified the +0 sling of the Butterfly {speed, Will+
                  | Dex+2}
 73813 | Vaults:5 | Found the +6 Majin-Bo {spellvamp, MP+6 Int+6}
 73817 | Vaults:5 | Identified the +0 ring mail of the Camelopard {Harm rPois
                  | rN++ rCorr}
 73823 | Vaults:5 | Got Appiyl's Primer on Spellwork
 73833 | Vaults:5 | Identified the +0 plate armour of the Saviour {rElec Str+3
                  | Dex+2}
 74017 | Vaults:5 | Found Okoghotz's Magic Scroll Shop.
 74028 | Vaults:5 | Bought a scroll of poison for 48 gold pieces
 74028 | Vaults:5 | Bought a scroll of fog for 48 gold pieces
 74028 | Vaults:5 | Bought a scroll of summoning for 114 gold pieces
 74031 | Vaults:5 | Got a silver rune of Zot
 74333 | Crypt:1  | Entered Level 1 of the Crypt
 75192 | Crypt:2  | Found a basalt altar of Yredelemnul.
 75629 | Crypt:3  | Entered Level 3 of the Crypt
 75777 | Crypt:3  | Found a staircase to the Tomb.
 76777 | Crypt:3  | Identified the +0 ring mail "Melyuck" {+Inv rElec}
 76872 | Crypt:3  | Identified the +2 leather armour of Terror {Str+5 Int+5}
 77284 | Hell     | Entered the Vestibule of Hell
 77293 | Hell     | Noticed Geryon
 77304 | Hell     | Killed Geryon
 77539 | Hell     | Found a gateway to the Iron City of Dis.
 77622 | Dis:1    | Entered Level 1 of the Iron City of Dis
 77760 | Dis:2    | Noticed a dread lich
 77764 | Dis:2    | Killed a dread lich
 78151 | Dis:4    | Noticed a juggernaut
 78151 | Dis:4    | Noticed a juggernaut
 78631 | Dis:4    | Killed a juggernaut
 79383 | Dis:7    | Entered Level 7 of the Iron City of Dis
 80357 | Dis:7    | Identified the ring of Beauty {rPois Str+6}
 80535 | Dis:7    | Identified the +6 battleaxe of Kiqas {elec, Int+5}
 80555 | Dis:7    | Identified the +3 long sword of Equivalence {pain, rPois
                  | rF++ rC- Stlth+}
 80717 | Dis:7    | Identified the +0 ring mail of the Eight Boll Weevils {Harm
                  | Rampage +Inv Int-4 Stlth+}
 80955 | Dis:7    | Identified the +0 chain mail "Tios" {Harm rN+ SInv Stlth+}
 80957 | Dis:7    | Got the Compendium of Feathers and Mortification
 80986 | Dis:7    | Noticed Dispater
 81023 | Dis:7    | Killed Dispater
 81102 | Dis:7    | Got an iron rune of Zot
 81103 | Dis:7    | Identified the ring "Cituqagi" {rPois rN+}
 81272 | Hell     | Found a gateway to the freezing wastes of Cocytus.
 81334 | Hell     | Found a gateway to the decaying netherworld of Tartarus.
 81373 | Hell     | Found a gateway to the ashen valley of Gehenna.
 81492 | Tar:1    | Entered Level 1 of Tartarus
 81985 | Tar:3    | Noticed an ancient lich
 81991 | Tar:3    | Killed an ancient lich
 82103 | Tar:3    | Reached skill level 27 in Shields
 83290 | Tar:7    | Entered Level 7 of Tartarus
 83415 | Tar:7    | Got the Quarto of the Gaseous Quarry
 83590 | Tar:7    | Identified the staff "Mojiahum" {Dex+5 Conj}
 84050 | Tar:7    | Identified the +2 helmet of the Armadillo {*Slow Fly rF+++
                  | Will-}
 84144 | Tar:7    | Noticed Ereshkigal
 84176 | Tar:7    | Killed Ereshkigal
 84529 | Tar:7    | Noticed an ancient lich
 84530 | Tar:7    | Noticed an ancient lich
 84534 | Tar:7    | Killed an ancient lich
 84538 | Tar:7    | Killed an ancient lich
 84558 | Tar:7    | Identified the +2 war axe of Mecsomif {freeze, rF+ Str+2
                  | Stlth-}
 84560 | Tar:7    | Identified the staff of Caolom {+Blink rElec Will- Dex-5
                  | Earth}
 84665 | Tar:7    | Got a bone rune of Zot
 84728 | Tar:7    | Noticed a dread lich
 84729 | Tar:7    | Noticed a dread lich
 84733 | Tar:7    | Killed a dread lich
 84740 | Tar:7    | Killed a dread lich
 84748 | Tar:7    | Identified the +9 trident "Jelly's Regret" {holy, *Rage
                  | *Noise rPois Stlth+}
 84752 | Tar:7    | Identified the +2 rapier of Extinguishment {flame, Str+6}
 84862 | Hell     | Bought a scroll of fog for 116 gold pieces
 84862 | Hell     | Bought a scroll of blinking for 217 gold pieces
 84862 | Hell     | Bought a scroll of enchant armour for 217 gold pieces
 84862 | Hell     | Bought a fine carnelian ring for 145 gold pieces
 84862 | Hell     | Identified the ring "Ygyb Zir" {^Contam rF+ Int+6 Dex+3
                  | SInv} (You bought it in a shop in the Vestibule of Hell)
 84862 | Hell     | Bought a potion of curing for 87 gold pieces
 84868 | Geh:1    | Entered Level 1 of Gehenna
 86675 | Geh:7    | Entered Level 7 of Gehenna
 87167 | Geh:7    | Identified the staff "Asutil" {rC+ Conj}
 87351 | Geh:7    | Noticed the Serpent of Hell
 87360 | Geh:7    | Killed the Serpent of Hell
 87738 | Geh:7    | Found the +13 sceptre of Asmodeus
 87738 | Geh:7    | Noticed Asmodeus
 87755 | Geh:7    | Killed Asmodeus
 87756 | Geh:7    | Reached skill level 27 in Armour
 87841 | Geh:7    | Got Ivida's Secrets of Malisons
 87858 | Geh:7    | Identified the +1 dagger of Rise Ate {venom, rPois rC+}
 87880 | Geh:7    | Got an obsidian rune of Zot
 87886 | Geh:7    | Identified the ring of Dimeff {rC+ rN+ Dex+2}
 87887 | Geh:7    | Identified the +9 halberd of the Scuffed God {chaos, *Rage
                  | rPois Will+}
 87892 | Geh:7    | Got Oqit's Anthology of Weathered Bad Luck
 87906 | Geh:7    | Identified the +3 glaive "Wamuarcha" {pain, Will+ Int+4
                  | Dex+2}
 87920 | Geh:7    | Identified the +10 longbow of Baneissi {speed, rC+}
 88180 | Coc:1    | Entered Level 1 of Cocytus
 88362 | Coc:2    | Paralysed by a wendigo for 1 turns
 89792 | Coc:7    | Entered Level 7 of Cocytus
 89864 | Coc:7    | Paralysed by a wendigo for 1 turns
 90087 | Coc:7    | Noticed Antaeus
 90123 | Coc:7    | Killed Antaeus
 90147 | Coc:7    | Got an icy rune of Zot
 90195 | Coc:7    | Identified the +10 shortbow "Sate" {elec, rF+ rN+ Str+4}
 90196 | Coc:7    | Identified the +7 rapier of Vishia {venom, Fly rElec}
 90226 | Coc:7    | Reached skill level 27 in Dodging
 90316 | Coc:7    | Reached skill level 10 in Evocations
 90442 | Coc:7    | Paralysed by a wendigo for 1 turns
 90630 | Coc:7    | Identified the +1 dagger of the Sun {freeze, rElec Int+3
                  | Dex-2 Stlth+}
 91467 | Tomb:1   | Entered Level 1 of the Tomb of the Ancients
 91664 | Tomb:1   | Noticed a royal mummy
 91691 | Tomb:1   | Killed a royal mummy
 92386 | Tomb:2   | Noticed Boris
 92388 | Tomb:2   | Noticed a royal mummy
 92388 | Tomb:2   | Noticed a royal mummy
 92391 | Tomb:2   | Noticed a royal mummy
 92391 | Tomb:2   | Noticed a royal mummy
 92438 | Tomb:2   | Killed Boris
 92665 | Tomb:2   | Paralysed by a Zot trap for 4 turns
 92673 | Tomb:2   | Killed a royal mummy
 92687 | Tomb:2   | Killed a royal mummy
 92876 | Tomb:2   | Killed a royal mummy
 92904 | Tomb:2   | Killed a royal mummy
 92909 | Tomb:2   | Reached skill level 15 in Evocations
 93171 | Tomb:2   | Identified the +0 chain mail of Dampeddovedo {rElec}
 93257 | Tomb:1   | Noticed a royal mummy
 93269 | Tomb:1   | Noticed a royal mummy
 93274 | Tomb:1   | Killed a royal mummy
 93275 | Tomb:1   | Noticed a royal mummy
 93279 | Tomb:1   | Killed a royal mummy
 93289 | Tomb:1   | Killed a royal mummy
 93293 | Tomb:1   | Noticed a royal mummy
 93295 | Tomb:1   | Killed a royal mummy
 93304 | Tomb:1   | Noticed a royal mummy
 93306 | Tomb:1   | Noticed a royal mummy
 93313 | Tomb:1   | Killed a royal mummy
 93316 | Tomb:1   | Noticed a royal mummy
 93318 | Tomb:1   | Killed a royal mummy
 93319 | Tomb:1   | Noticed a royal mummy
 93327 | Tomb:1   | Killed a royal mummy
 93337 | Tomb:1   | Killed a royal mummy
 93338 | Tomb:1   | Noticed a royal mummy
 93356 | Tomb:1   | Killed a royal mummy
 93369 | Tomb:1   | Noticed a royal mummy
 93370 | Tomb:1   | Noticed a royal mummy
 93379 | Tomb:1   | Killed a royal mummy
 93382 | Tomb:1   | Killed a royal mummy
 93394 | Tomb:1   | Noticed a royal mummy
 93398 | Tomb:1   | Killed a royal mummy
 93499 | Tomb:1   | Noticed a royal mummy
 93510 | Tomb:1   | Noticed a royal mummy
 93513 | Tomb:1   | Killed a royal mummy
 93518 | Tomb:1   | Killed a royal mummy
 93574 | Tomb:1   | Noticed a royal mummy
 93579 | Tomb:1   | Noticed a royal mummy
 93583 | Tomb:1   | Killed a royal mummy
 93595 | Tomb:1   | Killed a royal mummy
 93602 | Tomb:1   | Noticed a royal mummy
 93611 | Tomb:1   | Killed a royal mummy
 93690 | Tomb:1   | Noticed a royal mummy
 93707 | Tomb:1   | Killed a royal mummy
 94038 | Tomb:3   | Entered Level 3 of the Tomb of the Ancients
 94072 | Tomb:3   | Noticed a royal mummy
 94077 | Tomb:3   | Noticed a royal mummy
 94077 | Tomb:3   | Noticed Khufu
 94078 | Tomb:3   | Noticed a royal mummy
 94085 | Tomb:3   | Noticed a royal mummy
 94091 | Tomb:3   | Killed a royal mummy
 94094 | Tomb:3   | Killed a royal mummy
 94097 | Tomb:3   | Reached skill level 1 in Stealth
 94109 | Tomb:3   | Noticed a dread lich
 94119 | Tomb:3   | Killed a dread lich
 94120 | Tomb:3   | Noticed a royal mummy
 94125 | Tomb:3   | Noticed a royal mummy
 94125 | Tomb:3   | Noticed a royal mummy
 94125 | Tomb:3   | Noticed a royal mummy
 94164 | Tomb:3   | Killed a royal mummy
 94191 | Tomb:3   | Killed a royal mummy
 94192 | Tomb:3   | Reached skill level 5 in Stealth
 94196 | Tomb:3   | Killed a royal mummy
 94208 | Tomb:3   | Killed a royal mummy
 94211 | Tomb:3   | Killed Khufu
 94500 | Tomb:3   | Identified the +1 plate armour of Yryis {*Corrode Str+4
                  | Slay+2}
 94501 | Tomb:3   | Identified the +5 plate armour "Iliuch" {Dex+5}
 94523 | Tomb:3   | Got Zoamext's Meditations on Variable Frost
 94532 | Tomb:3   | Identified the +4 scale mail of Zyiregal {rPois rCorr MP+9}
 94582 | Tomb:3   | Identified the +7 quarterstaff of Ocoqio {flame, Int+4}
 94676 | Tomb:3   | Got a golden rune of Zot
 94940 | Crypt:3  | Acquired 916 gold pieces
 95251 | Pan      | Entered Pandemonium
 95295 | Pan      | Reached skill level 10 in Stealth
 95295 | Pan      | Noticed Syetugg the pandemonium lord
 95313 | Pan      | Killed Syetugg the pandemonium lord
 95338 | Pan      | Got a demonic rune of Zot
 95767 | Pan      | Identified the +1 fire dragon scales of Card Tricks {rElec
                  | rF++ rC- Will- Dex+3}
 96111 | Pan      | Noticed Ignacio
 96118 | Pan      | Killed Ignacio
 96418 | Pan      | Found an exit through the horrors of the Abyss.
 96493 | Pan      | Found a runed translucent door.
 96497 | Pan      | Found a runed translucent door.
 96503 | Pan      | Found a runed translucent door.
 96503 | Pan      | Found a runed translucent door.
 96583 | Pan      | Reached skill level 15 in Stealth
 97000 | Pan      | Noticed Ibuskaov the pandemonium lord
 97016 | Pan      | Killed Ibuskaov the pandemonium lord
 97129 | Pan      | Noticed Deenwo the pandemonium lord
 97404 | Abyss:5  | Cast into level 5 of the Abyss (Deenwo)
 97495 | Abyss:6  | Found a corrupted altar of Lugonu.
 97503 | Abyss:7  | Entered Level 7 of the Abyss
 97558 | Abyss:7  | Paralysed by accursed screaming for 1 turns
 97565 | Abyss:7  | Paralysed by accursed screaming for 2 turns
 97574 | Abyss:7  | Paralysed by accursed screaming for 2 turns
 97577 | Pan      | Escaped the Abyss
 97600 | Pan      | Killed Deenwo the pandemonium lord
 98295 | Pan      | Gained mutation: You do not regenerate when monsters are
                  | visible. [a neqoxec]
 98366 | Pan      | Lost mutation: You do not regenerate when monsters are
                  | visible. [potion of mutation]
 98366 | Pan      | Lost mutation: You are robust. (+10% HP) [potion of
                  | mutation]
 98366 | Pan      | Gained mutation: Your magical capacity is low. (-10% MP)
                  | [potion of mutation]
 98366 | Pan      | Gained mutation: You have hidden genetic potential. [potion
                  | of mutation]
 98405 | Pan      | Noticed Tepitiwo the pandemonium lord
 98417 | Pan      | Killed Tepitiwo the pandemonium lord
 98469 | Pan      | Identified the +3 dagger of Pixor {speed, rElec}
 99395 | Pan      | Noticed Quiguol the pandemonium lord
 99404 | Pan      | Killed Quiguol the pandemonium lord
 99536 | Pan      | Found a white marble altar of Elyvilon.
 99669 | Pan      | Identified the +2 plate armour of the Sea {rPois Str+2
                  | Dex+3}
100065 | Pan      | Found a glowing silver altar of Zin.
100812 | Pan      | Acquired a manual of Evocations
100912 | Pan      | Noticed a seraph
100935 | Pan      | Killed a seraph
101082 | Pan      | Found a glowing golden altar of the Shining One.
101092 | Pan      | Identified the +1 pair of boots of Death's Door {rPois
                  | Str+3}
101099 | Pan      | Identified the ring "Piudd" {Fly MP+9 Dex+6}
101108 | Pan      | Identified the +1 plate armour of the Furrier {rElec rC-
                  | rN+ Int+2}
101110 | Pan      | Identified the +2 demon trident of Dung {venom, rElec rC-
                  | Str+3}
101119 | Pan      | Identified the +2 leather armour of Grim New Discoveries
                  | {MP+9 Str+3 Int-5 SInv}
101398 | Pan      | Gained mutation: You have sharp fingernails. [hidden
                  | potential]
101633 | Pan      | Noticed Arusets the pandemonium lord
101652 | Pan      | Killed Arusets the pandemonium lord
101653 | Pan      | Gained mutation: You are frail. (-10% HP) [a cacodemon]
101727 | Pan      | Found a runed translucent door.
101786 | Pan      | Entered the realm of Mnoleg.
101792 | Pan      | Gained mutation: Your magical capacity is very low. (-20%
                  | MP) [a cacodemon]
101794 | Pan      | Reached skill level 27 in Stealth
101795 | Pan      | Lost mutation: You have hidden genetic potential. [a
                  | cacodemon]
101836 | Pan      | Gained mutation: You are clumsy. (Dex -2) [a neqoxec]
101839 | Pan      | Gained mutation: You are dopey. (Int -2) [a cacodemon]
101865 | Pan      | Gained mutation: You occasionally lose the ability to drink
                  | potions when taking damage. [a neqoxec]
102194 | Pan      | Noticed Mnoleg
102220 | Pan      | Killed Mnoleg
102284 | Pan      | Identified the +4 scale mail "Luishry" {-Cast rElec rC+
                  | Str+2}
102318 | Pan      | Got a glowing rune of Zot
102412 | Pan      | Identified the +7 rapier of Royalism {freeze, Int+3}
102529 | Pan      | Noticed Voti the pandemonium lord
102544 | Pan      | Killed Voti the pandemonium lord
102574 | Pan      | Entered the realm of Gloorx Vloq.
102639 | Pan      | Noticed Gloorx Vloq
102653 | Pan      | Killed Gloorx Vloq
102672 | Pan      | Got a dark rune of Zot
102745 | Pan      | Identified the +4 mace "Ybyorr" {holy, ^Drain rF+ Str+3}
102916 | Pan      | Entered the realm of Lom Lobon.
103085 | Pan      | Noticed Lom Lobon
103091 | Pan      | Got a magical rune of Zot
103131 | Pan      | Entered the realm of Cerebov.
103301 | Pan      | Lost mutation: You are dopey. (Int -2) [potion of mutation]
103301 | Pan      | Lost mutation: You have sharp fingernails. [potion of
                  | mutation]
103301 | Pan      | Lost mutation: Your spells are a little harder to cast, but
                  | a little more powerful. [potion of mutation]
103301 | Pan      | Gained mutation: You have sharp toenails. [potion of
                  | mutation]
103302 | Pan      | Lost mutation: Your magical capacity is very low. (-20% MP)
                  | [potion of mutation]
103302 | Pan      | Lost mutation: You are frail. (-10% HP) [potion of
                  | mutation]
103302 | Pan      | Gained mutation: You are weak. (Str -2) [potion of
                  | mutation]
103303 | Pan      | Lost mutation: You are weak. (Str -2) [potion of mutation]
103303 | Pan      | Lost mutation: Your magical capacity is low. (-10% MP)
                  | [potion of mutation]
103303 | Pan      | Gained mutation: You have hidden genetic potential. [potion
                  | of mutation]
103303 | Pan      | Gained mutation: You passively dampen the noise of your
                  | surroundings. [potion of mutation]
103304 | Pan      | Lost mutation: You are clumsy. (Dex -2) [potion of
                  | mutation]
103304 | Pan      | Lost mutation: You occasionally lose the ability to drink
                  | potions when taking damage. [potion of mutation]
103304 | Pan      | Lost mutation: You passively dampen the noise of your
                  | surroundings. [potion of mutation]
103304 | Pan      | Gained mutation: Your body sometimes deteriorates upon
                  | taking damage. [potion of mutation]
103304 | Pan      | Gained mutation: You passively dampen the noise of your
                  | surroundings. [potion of mutation]
103342 | Pan      | Got the Grimoire of Bloodstone
103385 | Pan      | Identified the +7 morningstar of Virtue {spect, rPois rN+}
103397 | Pan      | Found the +6 sword of Cerebov {flame}
103397 | Pan      | Noticed Cerebov
103430 | Pan      | Killed Cerebov
103477 | Pan      | Got the Directory of Summoning and Pyromania
103491 | Pan      | Identified the +5 scale mail "Reggead" {rPois}
103517 | Pan      | Got a fiery rune of Zot
103608 | Pan      | Found an exit through the horrors of the Abyss.
103616 | Pan      | Took an exit into the Abyss.
103616 | Abyss:7  | Escaped into the Abyss
103616 | Abyss:7  | Entered Level 7 of the Abyss
103616 | Abyss:7  | Found a corrupted altar of Lugonu.
103661 | Depths:2 | Escaped the Abyss
103987 | Zot:5    | Killed an ancient lich
104017 | Zot:5    | Gained mutation: You are frail. (-10% HP) [an orb of fire]
104018 | Zot:5    | Gained mutation: Your body often deteriorates upon taking
                  | damage. [an orb of fire]
104020 | Zot:5    | Gained mutation: You occasionally shout uncontrollably at
                  | your foes. [an orb of fire]
104024 | Zot:5    | Killed an orb of fire
104052 | Zot:5    | Killed an ancient lich
104057 | Zot:5    | Noticed an ancient lich
104080 | Zot:5    | Killed an ancient lich
104085 | Zot:5    | Noticed an ancient lich
104088 | Zot:5    | Paralysed by a dread lich for 2 turns
104098 | Zot:5    | Killed a dread lich
104099 | Zot:5    | Killed an ancient lich
104107 | Zot:5    | Killed an orb of fire
104217 | Zot:5    | Killed an orb of fire
104486 | Zot:5    | Got the Orb of Zot
105239 | D:$      | Escaped with the Orb!

Illustrated notes

Levels and vault maps discovered:
D:1:      heliophobic_arrival_dark_side_of_the_moon, layout_basic, serial_shops,
          shop
D:2:      layout_basic
D:3:      layout_loops_cross, zin_scriptorium, nrook_mini_vaults,
          minmay_ruptured
D:4:      layout_basic, mainiacjoe_overflow_brackets, mainiacjoe_overflow_paths,
          uniq_natasha
D:5:      layout_rooms, mainiacjoe_overflow_24_doors, uniq_duvessa
D:6:      layout_basic, lemuel_coloured_pillars_altar, temple_doors_e,
          gammafunk_ghost_grave, uniq_blork_the_orc
D:7:      layout_gridville, grunt_temple_overflow_open, kennysheep_mini_moat,
          chequers_serial_rivers_micro_a
D:8:      cheibrodos_fertilizer, layout_basic, hellmonk_lair_entry_icy,
          serial_shops, nicolae_shop_tiny_statue_garden, uniq_pikel
D:9:      layout_small_grid, marbit_many_paths, trog_three_pillars_becter,
          grunt_qazlal_clouds, minmay_circle_x
D:10:     layout_loops_cross, bloody_makhleb, enter_bailey_3, kennysheep_potato
D:11:     layout_roguey [special_room_orc], hiddenorc1_lemuel, uniq_sonja
D:12:     layout_long_grid
D:13:     gammafunk_indiana_jones, layout_rooms, erik_vaults_2, uniq_nessos,
          uniq_jorgrun
D:14:     layout_cave_pools, minmay_st_funbox, nzn_wu_jian_council_hall
D:15:     hangedman_depths_entry_try_elsewhere_first, layout_loops_ring,
          minivault_19, minivault_16
Lair:1:   layout_misc_corridors, serial_bayou_shore_a
Lair:2:   beast_lair_carwin_large_1, layout_chaotic_city,
          guppyfry_snake_entry_garden, ebering_ghost_inner_flame
Lair:3:   layout_loops_ring, shoals_dummy_entry, roderic_carrion_pond,
          dpeg_oklob_1, infiniplex_staircase_pool_2, serial_bayou_shore_b,
          uniq_urug
Lair:4:   layout_cave_pods, slime_entry_1, basic_altar, minivault_11,
          nicolae_lair_yak_garden
Lair:5:   grunt_lair_end_beastmaster, layout_long_grid,
          infiniplex_staircase_pool, grunt_megastairs_5, lemuel_fruit_tree
Shoals:1: nicolae_shoals_island_circles, layout_shoals,
          nicolae_shoals_land_atoll, uniq_nikola, uniq_mlioglotl
Shoals:2: layout_shoals, uniq_polyphemus
Shoals:3: layout_shoals, serial_shops, nicolae_shop_crystal
Shoals:4: shoals_end_grunt_ice, layout_shoals, shoal_ilsuiw, serial_shops,
          nicolae_shop_tiny_statue_garden, nicolae_shop_gibbet_a_chance, shop,
          uniq_aizul
Snake:1:  layout_chambers, drop_trap, grunt_megastairs_1
Snake:2:  minmay_snake_river, layout_onion_interference,
          serial_library_hellmonk_big_corner, drop_trap, uniq_azrael
Snake:3:  layout_cave_shapes, hellmonk_ghost_happy_afterlife
Snake:4:  johnstein_snake_rune_scales, layout_layer_cave
Slime:1:  layout_caves
Slime:2:  layout_caves, dissolution_awaits
Slime:3:  layout_caves, cheibrodos_slime_lost_civilization_6, uniq_dissolution
Slime:4:  layout_caves
Slime:5:  slime_pit_nicolae_trefoil
Orc:1:    layout_caves, gammafunk_ghost_split
Orc:2:    grunt_orc_community_town_hall, layout_diamond_mine,
          grunt_orc_community_big_house_2, grunt_orc_community_big_house_2,
          grunt_orc_community_house_1, grunt_orc_community_house_3,
          grunt_orc_community_house_1, grunt_orc_community_house_2,
          grunt_orc_community_house_2
Elf:1:    nicolae_elf_arrival_aired_out, layout_rooms, minmay_elf_sorcery,
          nicolae_elf_elemental_lessons
Elf:2:    nicolae_elf_blades_crystal_corner, layout_onion_city
Elf:3:    minmay_elf_hall_x, layout_loops_corners, uniq_boris
Vaults:1: vaults_dpeg_diagonal, vaults_standard_mumra_x,
          nicolae_vaults_shipping_containers_2, nicolae_vaults_weapon_check,
          v_misc_24, grunt_vaults_swirl, nicolae_vaults_three_branches,
          ontoclasm_vaults_claustrophobia, nicolae_vaults_circle_grid_a,
          vaults_dpeg_ring, nicolae_vaults_diamond_1, nicolae_vaults_house_1,
          layout_vaults_chaotic_city, serial_shops, shop
Vaults:2: nicolae_vaults_specimen_jars, nicolae_vaults_rhombus_6,
          nicolae_vaults_hexular_roomagon, nicolae_vaults_frosty_reception,
          nicolae_vaults_cornered_office, nicolae_vaults_offset_grid_hallway_3,
          nicolae_vaults_apartment_2, v_misc_4, vaults_room_grid,
          nicolae_vaults_trapezoid_4, nicolae_vaults_storage_room_water,
          vaults_room_glass_cross, v_alt_pattern_2, layout_vaults_ring,
          blue_anna_dwarven_crypt, serial_shops, shop
Vaults:3: hangedman_vaults_corner, vaults_mumra_minichess_inversion,
          nicolae_vaults_ring_of_whatevers, v_misc_26,
          nicolae_vaults_stairing_the_circle, nicolae_vaults_network_barrier,
          serial_ice_h, ontoclasm_vaults_eye, nicolae_vaults_tetromino_T_1,
          layout_vaults_omnigrid, nicolae_trove_entry_isolated, uniq_sojobo
Vaults:4: nicolae_vaults_angled_halls, nicolae_vaults_asterisk, v_misc_28,
          nicolae_vaults_twisting_passages, nicolae_vaults_tangram_1,
          nicolae_vaults_closet_pinwheel_5, v_misc_28, st_cross,
          vaults_room_semicircle, nicolae_vaults_cochlea,
          ontoclasm_vaults_loading_screen, grunt_vaults_hallway_short,
          vaults_room_ringed_pool, v_misc_30, layout_vaults_omnicross
Vaults:5
Crypt:1:  layout_gridlike
Crypt:2:  layout_misc_corridors, basic_altar
Crypt:3:  due_elkab, layout_chaotic_city, tomb_entry_forgotten_bobbens,
          minmay_misc_feat_rows
Tomb:1
Tomb:2
Tomb:3
Depths:1: layout_cave_pools, grunt_hell_entry_dis_mu, minmay_metal_thing
Depths:2: evilmike_iron_armoury, layout_cross, kennysheep_nondescript,
          rand_demon_pan_entry_3, abyss_entry, lightli_too_deep,
          infiniplex_staircase_zigzag_4
Depths:3: minmay_coctagon, layout_gridlike, enter_ziggurat_f,
          nicolae_benzene_ring, abyss_entry, hell_entry, minmay_shoptagon,
          infiniplex_staircase_squiggle
Depths:4: lemuel_castle_with_subvaults [lemuel_castle_interior_carwin_2],
          layout_gridville, hangedman_tar_grid_catacomb, dreamdust_wishing_well,
          mu_enter_wizlab_4
Hell
Dis:1:    layout_gridville
Dis:2:    layout_subdivisions
Dis:3:    layout_jigsaw
Dis:4:    layout_jigsaw, nicolae_dis_step_into_the_octagon
Dis:5:    layout_jigsaw
Dis:6:    layout_subdivisions
Dis:7:    iron_city_of_dis [dis_old, dis_wall_8], layout_gridville,
          nicolae_dis_metal_dragon_surprise
Geh:1:    layout_gehenna_pools_box, nicolae_geh_gnashing_of_teeth
Geh:2:    layout_gehenna_lava_caves
Geh:3:    layout_gehenna_pools_box
Geh:4:    layout_gehenna_lava_caves
Geh:5:    layout_gehenna_lava_caves
Geh:6:    layout_gehenna_pools_basic
Geh:7:    geh_mu
Coc:1:    layout_cocytus_delve
Coc:2:    layout_ice_bergs
Coc:3:    layout_ice_bergs
Coc:4:    layout_cocytus_water_paths
Coc:5:    layout_cocytus_water_paths
Coc:6:    layout_cocytus_water_paths, serial_ice
Coc:7:    coc_old
Tar:1:    layout_cathedral_of_symmetry
Tar:2:    layout_catacombs
Tar:3:    layout_cathedral_of_symmetry, evilmike_ambush
          [evilmike_ambush_outer_doors, evilmike_ambush_inner_basic]
Tar:4:    layout_cathedral_of_symmetry
Tar:5:    layout_honeycomb
Tar:6:    layout_honeycomb, nicolae_tar_windowcombs
Tar:7:    tar_grunt_cathedral
Zot:1:    layout_gridlike, bh_zot_ikea_curve, grunt_ministairs_7,
          nicolae_diode_basic, uniq_vv
Zot:2:    layout_basic, st_stairs_6
Zot:3:    layout_onion, hangedman_zot_decor_scrapings, uniq_josephina
Zot:4:    layout_basic, basic_altar, zot_minivault_3
Zot:5:    layout_onion, gammafunk_ghost_berserking_beasts

Skill      XL: |  1  2  3  4  5  6  7  8  9 10 11 12 13 14 15 16 17 18 19 20 21 22 23 24 25 26 27 |
---------------+----------------------------------------------------------------------------------+-----
Maces & Flails | 3 4 5 6 9 10 12 13 15 16 18 19 20 21 22 23 24 25 26 27 | 27.0
Fighting       | 4 5 6 8 10 11 12 14 15 17 18 20 21 22 24 25 26 27 | 27.0
Armour         | 4 5 7 8 10 11 12 13 14 15 16 17 18 19 20 21 22 23 27 | 27.0
Shields        | 4 5 6 7 9 12 27 | 27.0
Evocations     | 1 2 3 4 5 6 26 | 26.4
Dodging        | 2 5 7 11 15 16 27 | 27.0
Stealth        | 27 | 27.0
Unarmed Combat | |  0.1

Action                     |  1- 3 |  4- 6 |  7- 9 | 10-12 | 13-15 | 16-18 | 19-21 | 22-24 | 25-27 || total
---------------------------+-------+-------+-------+-------+-------+-------+-------+-------+-------++-------
  Melee: Flail             |   109 |   193 |    33 |       |       |       |       |       |       ||   335
         Unarmed           |       |     2 |       |       |       |       |       |       |       ||     2
         Morningstar       |       |       |   311 |   893 |   961 |       |       |       |       ||  2165
         Great mace        |       |       |       |       |   596 |  1363 |  1446 |  1835 |   829 ||  6069
         Eveningstar       |       |       |       |       |       |       |       |       |  5054 ||  5054
         Punch             |       |       |       |       |       |       |       |       |     2 ||     2
  Throw: Dart              |       |    10 |    12 |    56 |    39 |     5 |     2 |     5 |       ||   129
         Javelin           |       |       |     2 |     5 |     6 |       |       |       |       ||    13
         Throwing net      |       |       |       |     2 |       |       |       |       |     9 ||    11
 Invoke: Call Merchant     |       |       |       |     1 |     3 |       |     2 |     3 |     6 ||    15
         Potion Petition   |       |       |       |       |       |     3 |     2 |       |     7 ||    12
         Bribe Branch      |       |       |       |       |       |       |       |       |     3 ||     3
Ability: Evoke Invisibilit |       |       |       |     1 |     1 |     2 |     1 |       |     1 ||     6
  Evoke: Wand              |       |       |    15 |    14 |     6 |    12 |    18 |    31 |    34 ||   130
         Phial of floods   |       |       |       |       |       |       |       |       |     4 ||     4
         Horn of Geryon    |       |       |       |       |       |       |       |       |     5 ||     5
         Phantom mirror    |       |       |       |       |       |       |       |       |     4 ||     4
         Sack of spiders   |       |       |       |       |       |       |       |       |     3 ||     3
    Use: Potion            |     1 |     2 |     1 |     6 |     3 |     4 |     8 |     9 |    48 ||    82
         Scroll            |       |     2 |     4 |     9 |     7 |    10 |    15 |     8 |    67 ||   122
   Stab: Distracted        |       |       |     1 |     7 |     3 |     6 |     4 |    10 |   166 ||   197
         Invisible         |       |       |       |     1 |     4 |     5 |     6 |     4 |     9 ||    29
         Petrified         |       |       |       |       |    24 |       |       |       |       ||    24
         Paralysed         |       |       |       |       |       |       |     1 |     2 |       ||     3
         Held in net/web   |       |       |       |       |       |       |       |       |    15 ||    15
         Sleeping          |       |       |       |       |       |       |       |       |     2 ||     2
 Armour: Scale mail        |    61 |     8 |       |       |       |       |       |       |       ||    69
         Ring mail         |       |   131 |   218 |   327 |       |       |       |       |       ||   676
         Skin              |       |    30 |       |    30 |       |       |       |       |       ||    60
         Chain mail        |       |       |       |   267 |  1445 |   886 |       |       |       ||  2598
         Plate armour      |       |       |       |       |       |   459 |  1408 |       |       ||  1867
         Pearl dragon scal |       |       |       |       |       |       |   358 |  2131 |  2425 ||  4914
  Dodge: Dodged            |    58 |   111 |   161 |   288 |   541 |   422 |   524 |   998 |  1602 ||  4705
  Block: Buckler           |    21 |    50 |    71 |   166 |   228 |       |       |       |       ||   536
         Tower shield      |       |       |       |       |       |       |       |       |  4518 ||  4518
         Reflection        |       |       |       |       |       |       |       |       |   166 ||   166
Riposte: Great mace        |       |       |       |       |       |       |    22 |   178 |    97 ||   297
         Eveningstar       |       |       |       |       |       |       |       |       |  1601 ||  1601
